%YAML 1.1
%TAG !u! tag:unity3d.com,2011:
--- !u!29 &1
OcclusionCullingSettings:
  m_ObjectHideFlags: 0
  serializedVersion: 2
  m_OcclusionBakeSettings:
    smallestOccluder: 5
    smallestHole: 0.25
    backfaceThreshold: 100
  m_SceneGUID: 00000000000000000000000000000000
  m_OcclusionCullingData: {fileID: 0}
--- !u!104 &2
RenderSettings:
  m_ObjectHideFlags: 0
  serializedVersion: 8
  m_Fog: 0
  m_FogColor: {r: 0.5, g: 0.5, b: 0.5, a: 1}
  m_FogMode: 3
  m_FogDensity: 0.01
  m_LinearFogStart: 0
  m_LinearFogEnd: 300
  m_AmbientSkyColor: {r: 0.212, g: 0.227, b: 0.259, a: 1}
  m_AmbientEquatorColor: {r: 0.114, g: 0.125, b: 0.133, a: 1}
  m_AmbientGroundColor: {r: 0.047, g: 0.043, b: 0.035, a: 1}
  m_AmbientIntensity: 1
  m_AmbientMode: 0
  m_SubtractiveShadowColor: {r: 0.42, g: 0.478, b: 0.627, a: 1}
  m_SkyboxMaterial: {fileID: 10304, guid: 0000000000000000f000000000000000, type: 0}
  m_HaloStrength: 0.5
  m_FlareStrength: 1
  m_FlareFadeSpeed: 3
  m_HaloTexture: {fileID: 0}
  m_SpotCookie: {fileID: 10001, guid: 0000000000000000e000000000000000, type: 0}
  m_DefaultReflectionMode: 0
  m_DefaultReflectionResolution: 128
  m_ReflectionBounces: 1
  m_ReflectionIntensity: 1
  m_CustomReflection: {fileID: 0}
  m_Sun: {fileID: 0}
  m_IndirectSpecularColor: {r: 0, g: 0, b: 0, a: 1}
--- !u!157 &4
LightmapSettings:
  m_ObjectHideFlags: 0
  serializedVersion: 9
  m_GIWorkflowMode: 0
  m_GISettings:
    serializedVersion: 2
    m_BounceScale: 1
    m_IndirectOutputScale: 1
    m_AlbedoBoost: 1
    m_TemporalCoherenceThreshold: 1
    m_EnvironmentLightingMode: 0
    m_EnableBakedLightmaps: 1
    m_EnableRealtimeLightmaps: 1
  m_LightmapEditorSettings:
    serializedVersion: 8
    m_Resolution: 2
    m_BakeResolution: 40
    m_TextureWidth: 1024
    m_TextureHeight: 1024
    m_AO: 0
    m_AOMaxDistance: 1
    m_CompAOExponent: 0
    m_CompAOExponentDirect: 0
    m_Padding: 2
    m_LightmapParameters: {fileID: 0}
    m_LightmapsBakeMode: 1
    m_TextureCompression: 1
    m_FinalGather: 0
    m_FinalGatherFiltering: 1
    m_FinalGatherRayCount: 1024
    m_ReflectionCompression: 2
    m_MixedBakeMode: 1
    m_BakeBackend: 0
    m_PVRSampling: 1
    m_PVRDirectSampleCount: 32
    m_PVRSampleCount: 500
    m_PVRBounces: 2
    m_PVRFiltering: 0
    m_PVRFilteringMode: 1
    m_PVRCulling: 1
    m_PVRFilteringGaussRadiusDirect: 1
    m_PVRFilteringGaussRadiusIndirect: 5
    m_PVRFilteringGaussRadiusAO: 2
    m_PVRFilteringAtrousColorSigma: 1
    m_PVRFilteringAtrousNormalSigma: 1
    m_PVRFilteringAtrousPositionSigma: 1
  m_LightingDataAsset: {fileID: 0}
  m_ShadowMaskMode: 2
--- !u!196 &5
NavMeshSettings:
  serializedVersion: 2
  m_ObjectHideFlags: 0
  m_BuildSettings:
    serializedVersion: 2
    agentTypeID: 0
    agentRadius: 0.5
    agentHeight: 2
    agentSlope: 45
    agentClimb: 0.4
    ledgeDropHeight: 0
    maxJumpAcrossDistance: 0
    minRegionArea: 2
    manualCellSize: 0
    cellSize: 0.16666667
    manualTileSize: 0
    tileSize: 256
    accuratePlacement: 0
  m_NavMeshData: {fileID: 0}
--- !u!1 &131961090
GameObject:
  m_ObjectHideFlags: 0
  m_PrefabParentObject: {fileID: 180184, guid: 30a446a6928c9574eaa21fe6a1e03ce3, type: 2}
  m_PrefabInternal: {fileID: 488659762}
  serializedVersion: 5
  m_Component:
  - component: {fileID: 131961091}
  - component: {fileID: 131961094}
  - component: {fileID: 131961093}
  - component: {fileID: 131961092}
  m_Layer: 5
  m_Name: Button
  m_TagString: Untagged
  m_Icon: {fileID: 0}
  m_NavMeshLayer: 0
  m_StaticEditorFlags: 0
  m_IsActive: 1
--- !u!224 &131961091
RectTransform:
  m_ObjectHideFlags: 0
  m_PrefabParentObject: {fileID: 22411478, guid: 30a446a6928c9574eaa21fe6a1e03ce3,
    type: 2}
  m_PrefabInternal: {fileID: 488659762}
  m_GameObject: {fileID: 131961090}
  m_LocalRotation: {x: 0, y: 0, z: 0, w: 1}
  m_LocalPosition: {x: 0, y: 0, z: 0}
  m_LocalScale: {x: 0.7, y: 0.7, z: 1}
  m_Children: []
  m_Father: {fileID: 746586908}
  m_RootOrder: 8
  m_LocalEulerAnglesHint: {x: 0, y: 0, z: 0}
  m_AnchorMin: {x: 0.5, y: 0.5}
  m_AnchorMax: {x: 0.5, y: 0.5}
  m_AnchoredPosition: {x: 550, y: 580}
  m_SizeDelta: {x: 88, y: 42}
  m_Pivot: {x: 0.5, y: 0.5}
--- !u!114 &131961092
MonoBehaviour:
  m_ObjectHideFlags: 0
  m_PrefabParentObject: {fileID: 11441508, guid: 30a446a6928c9574eaa21fe6a1e03ce3,
    type: 2}
  m_PrefabInternal: {fileID: 488659762}
  m_GameObject: {fileID: 131961090}
  m_Enabled: 1
  m_EditorHideFlags: 0
  m_Script: {fileID: 1392445389, guid: f5f67c52d1564df4a8936ccd202a3bd8, type: 3}
  m_Name: 
  m_EditorClassIdentifier: 
  m_Navigation:
    m_Mode: 3
    m_SelectOnUp: {fileID: 0}
    m_SelectOnDown: {fileID: 0}
    m_SelectOnLeft: {fileID: 0}
    m_SelectOnRight: {fileID: 0}
  m_Transition: 1
  m_Colors:
    m_NormalColor: {r: 1, g: 1, b: 1, a: 1}
    m_HighlightedColor: {r: 0.9607843, g: 0.9607843, b: 0.9607843, a: 1}
    m_PressedColor: {r: 0.78431374, g: 0.78431374, b: 0.78431374, a: 1}
    m_DisabledColor: {r: 0.78431374, g: 0.78431374, b: 0.78431374, a: 0.5019608}
    m_ColorMultiplier: 1
    m_FadeDuration: 0.1
  m_SpriteState:
    m_HighlightedSprite: {fileID: 0}
    m_PressedSprite: {fileID: 0}
    m_DisabledSprite: {fileID: 0}
  m_AnimationTriggers:
    m_NormalTrigger: Normal
    m_HighlightedTrigger: Highlighted
    m_PressedTrigger: Pressed
    m_DisabledTrigger: Disabled
  m_Interactable: 1
  m_TargetGraphic: {fileID: 131961093}
  m_OnClick:
    m_PersistentCalls:
      m_Calls: []
    m_TypeName: UnityEngine.UI.Button+ButtonClickedEvent, UnityEngine.UI, Version=1.0.0.0,
      Culture=neutral, PublicKeyToken=null
--- !u!114 &131961093
MonoBehaviour:
  m_ObjectHideFlags: 0
  m_PrefabParentObject: {fileID: 11442130, guid: 30a446a6928c9574eaa21fe6a1e03ce3,
    type: 2}
  m_PrefabInternal: {fileID: 488659762}
  m_GameObject: {fileID: 131961090}
  m_Enabled: 1
  m_EditorHideFlags: 0
  m_Script: {fileID: -765806418, guid: f5f67c52d1564df4a8936ccd202a3bd8, type: 3}
  m_Name: 
  m_EditorClassIdentifier: 
  m_Material: {fileID: 0}
  m_Color: {r: 1, g: 1, b: 1, a: 1}
  m_RaycastTarget: 1
  m_OnCullStateChanged:
    m_PersistentCalls:
      m_Calls: []
    m_TypeName: UnityEngine.UI.MaskableGraphic+CullStateChangedEvent, UnityEngine.UI,
      Version=1.0.0.0, Culture=neutral, PublicKeyToken=null
  m_Sprite: {fileID: 21300000, guid: b52a3f62cc3ade446aeb7cebedc51082, type: 3}
  m_Type: 0
  m_PreserveAspect: 0
  m_FillCenter: 1
  m_FillMethod: 4
  m_FillAmount: 1
  m_FillClockwise: 1
  m_FillOrigin: 0
--- !u!222 &131961094
CanvasRenderer:
  m_ObjectHideFlags: 0
  m_PrefabParentObject: {fileID: 22242966, guid: 30a446a6928c9574eaa21fe6a1e03ce3,
    type: 2}
  m_PrefabInternal: {fileID: 488659762}
  m_GameObject: {fileID: 131961090}
--- !u!1 &187367156
GameObject:
  m_ObjectHideFlags: 0
  m_PrefabParentObject: {fileID: 135196, guid: 30a446a6928c9574eaa21fe6a1e03ce3, type: 2}
  m_PrefabInternal: {fileID: 488659762}
  serializedVersion: 5
  m_Component:
  - component: {fileID: 187367157}
  - component: {fileID: 187367159}
  - component: {fileID: 187367158}
  m_Layer: 5
  m_Name: Text
  m_TagString: Untagged
  m_Icon: {fileID: 0}
  m_NavMeshLayer: 0
  m_StaticEditorFlags: 0
  m_IsActive: 1
--- !u!224 &187367157
RectTransform:
  m_ObjectHideFlags: 0
  m_PrefabParentObject: {fileID: 22426380, guid: 30a446a6928c9574eaa21fe6a1e03ce3,
    type: 2}
  m_PrefabInternal: {fileID: 488659762}
  m_GameObject: {fileID: 187367156}
  m_LocalRotation: {x: 0, y: 0, z: 0, w: 1}
  m_LocalPosition: {x: 0, y: 0, z: 0}
  m_LocalScale: {x: 1, y: 1, z: 1}
  m_Children: []
  m_Father: {fileID: 746586908}
  m_RootOrder: 11
  m_LocalEulerAnglesHint: {x: 0, y: 0, z: 0}
  m_AnchorMin: {x: 0.5, y: 0.5}
  m_AnchorMax: {x: 0.5, y: 0.5}
  m_AnchoredPosition: {x: 0, y: -58}
  m_SizeDelta: {x: 362, y: 99}
  m_Pivot: {x: 0.5, y: 0.5}
--- !u!114 &187367158
MonoBehaviour:
  m_ObjectHideFlags: 0
  m_PrefabParentObject: {fileID: 11448688, guid: 30a446a6928c9574eaa21fe6a1e03ce3,
    type: 2}
  m_PrefabInternal: {fileID: 488659762}
  m_GameObject: {fileID: 187367156}
  m_Enabled: 1
  m_EditorHideFlags: 0
  m_Script: {fileID: 708705254, guid: f5f67c52d1564df4a8936ccd202a3bd8, type: 3}
  m_Name: 
  m_EditorClassIdentifier: 
  m_Material: {fileID: 0}
  m_Color: {r: 1, g: 1, b: 1, a: 0.5176471}
  m_RaycastTarget: 1
  m_OnCullStateChanged:
    m_PersistentCalls:
      m_Calls: []
    m_TypeName: UnityEngine.UI.MaskableGraphic+CullStateChangedEvent, UnityEngine.UI,
      Version=1.0.0.0, Culture=neutral, PublicKeyToken=null
  m_FontData:
    m_Font: {fileID: 12800000, guid: bd1ea67ca2b5742d1a24fcbdc17c55e1, type: 3}
    m_FontSize: 22
    m_FontStyle: 0
    m_BestFit: 0
    m_MinSize: 10
    m_MaxSize: 40
    m_Alignment: 4
    m_AlignByGeometry: 0
    m_RichText: 1
    m_HorizontalOverflow: 0
    m_VerticalOverflow: 0
    m_LineSpacing: 1
  m_Text: "\rGrinds"
--- !u!222 &187367159
CanvasRenderer:
  m_ObjectHideFlags: 0
  m_PrefabParentObject: {fileID: 22258914, guid: 30a446a6928c9574eaa21fe6a1e03ce3,
    type: 2}
  m_PrefabInternal: {fileID: 488659762}
  m_GameObject: {fileID: 187367156}
--- !u!1 &376550668
GameObject:
  m_ObjectHideFlags: 0
  m_PrefabParentObject: {fileID: 184230, guid: 30a446a6928c9574eaa21fe6a1e03ce3, type: 2}
  m_PrefabInternal: {fileID: 488659762}
  serializedVersion: 5
  m_Component:
  - component: {fileID: 376550669}
  - component: {fileID: 376550672}
  - component: {fileID: 376550671}
  - component: {fileID: 376550670}
  m_Layer: 5
  m_Name: Button
  m_TagString: Untagged
  m_Icon: {fileID: 0}
  m_NavMeshLayer: 0
  m_StaticEditorFlags: 0
  m_IsActive: 1
--- !u!224 &376550669
RectTransform:
  m_ObjectHideFlags: 0
  m_PrefabParentObject: {fileID: 22466448, guid: 30a446a6928c9574eaa21fe6a1e03ce3,
    type: 2}
  m_PrefabInternal: {fileID: 488659762}
  m_GameObject: {fileID: 376550668}
  m_LocalRotation: {x: 0, y: 0, z: 0, w: 1}
  m_LocalPosition: {x: 0, y: 0, z: 0}
  m_LocalScale: {x: 0.7, y: 0.7, z: 1}
  m_Children: []
  m_Father: {fileID: 746586908}
  m_RootOrder: 6
  m_LocalEulerAnglesHint: {x: 0, y: 0, z: 0}
  m_AnchorMin: {x: 0.5, y: 0.5}
  m_AnchorMax: {x: 0.5, y: 0.5}
  m_AnchoredPosition: {x: 556, y: 18}
  m_SizeDelta: {x: 85, y: 72}
  m_Pivot: {x: 0.5, y: 0.5}
--- !u!114 &376550670
MonoBehaviour:
  m_ObjectHideFlags: 0
  m_PrefabParentObject: {fileID: 11421644, guid: 30a446a6928c9574eaa21fe6a1e03ce3,
    type: 2}
  m_PrefabInternal: {fileID: 488659762}
  m_GameObject: {fileID: 376550668}
  m_Enabled: 1
  m_EditorHideFlags: 0
  m_Script: {fileID: 1392445389, guid: f5f67c52d1564df4a8936ccd202a3bd8, type: 3}
  m_Name: 
  m_EditorClassIdentifier: 
  m_Navigation:
    m_Mode: 3
    m_SelectOnUp: {fileID: 0}
    m_SelectOnDown: {fileID: 0}
    m_SelectOnLeft: {fileID: 0}
    m_SelectOnRight: {fileID: 0}
  m_Transition: 1
  m_Colors:
    m_NormalColor: {r: 1, g: 1, b: 1, a: 1}
    m_HighlightedColor: {r: 0.9607843, g: 0.9607843, b: 0.9607843, a: 1}
    m_PressedColor: {r: 0.78431374, g: 0.78431374, b: 0.78431374, a: 1}
    m_DisabledColor: {r: 0.78431374, g: 0.78431374, b: 0.78431374, a: 0.5019608}
    m_ColorMultiplier: 1
    m_FadeDuration: 0.1
  m_SpriteState:
    m_HighlightedSprite: {fileID: 0}
    m_PressedSprite: {fileID: 0}
    m_DisabledSprite: {fileID: 0}
  m_AnimationTriggers:
    m_NormalTrigger: Normal
    m_HighlightedTrigger: Highlighted
    m_PressedTrigger: Pressed
    m_DisabledTrigger: Disabled
  m_Interactable: 1
  m_TargetGraphic: {fileID: 376550671}
  m_OnClick:
    m_PersistentCalls:
      m_Calls: []
    m_TypeName: UnityEngine.UI.Button+ButtonClickedEvent, UnityEngine.UI, Version=1.0.0.0,
      Culture=neutral, PublicKeyToken=null
--- !u!114 &376550671
MonoBehaviour:
  m_ObjectHideFlags: 0
  m_PrefabParentObject: {fileID: 11426384, guid: 30a446a6928c9574eaa21fe6a1e03ce3,
    type: 2}
  m_PrefabInternal: {fileID: 488659762}
  m_GameObject: {fileID: 376550668}
  m_Enabled: 1
  m_EditorHideFlags: 0
  m_Script: {fileID: -765806418, guid: f5f67c52d1564df4a8936ccd202a3bd8, type: 3}
  m_Name: 
  m_EditorClassIdentifier: 
  m_Material: {fileID: 0}
  m_Color: {r: 1, g: 1, b: 1, a: 1}
  m_RaycastTarget: 1
  m_OnCullStateChanged:
    m_PersistentCalls:
      m_Calls: []
    m_TypeName: UnityEngine.UI.MaskableGraphic+CullStateChangedEvent, UnityEngine.UI,
      Version=1.0.0.0, Culture=neutral, PublicKeyToken=null
  m_Sprite: {fileID: 21300000, guid: dd6309765ce5d07468835b8c915f2ca0, type: 3}
  m_Type: 0
  m_PreserveAspect: 0
  m_FillCenter: 1
  m_FillMethod: 4
  m_FillAmount: 1
  m_FillClockwise: 1
  m_FillOrigin: 0
--- !u!222 &376550672
CanvasRenderer:
  m_ObjectHideFlags: 0
  m_PrefabParentObject: {fileID: 22288140, guid: 30a446a6928c9574eaa21fe6a1e03ce3,
    type: 2}
  m_PrefabInternal: {fileID: 488659762}
  m_GameObject: {fileID: 376550668}
--- !u!1 &381824369
GameObject:
  m_ObjectHideFlags: 0
  m_PrefabParentObject: {fileID: 124244, guid: 30a446a6928c9574eaa21fe6a1e03ce3, type: 2}
  m_PrefabInternal: {fileID: 488659762}
  serializedVersion: 5
  m_Component:
  - component: {fileID: 381824370}
  - component: {fileID: 381824372}
  - component: {fileID: 381824371}
  m_Layer: 5
  m_Name: Text
  m_TagString: Untagged
  m_Icon: {fileID: 0}
  m_NavMeshLayer: 0
  m_StaticEditorFlags: 0
  m_IsActive: 1
--- !u!224 &381824370
RectTransform:
  m_ObjectHideFlags: 0
  m_PrefabParentObject: {fileID: 22430806, guid: 30a446a6928c9574eaa21fe6a1e03ce3,
    type: 2}
  m_PrefabInternal: {fileID: 488659762}
  m_GameObject: {fileID: 381824369}
  m_LocalRotation: {x: 0, y: 0, z: 0, w: 1}
  m_LocalPosition: {x: 0, y: 0, z: 0}
  m_LocalScale: {x: 1, y: 1, z: 1}
  m_Children: []
  m_Father: {fileID: 803679062}
  m_RootOrder: 3
  m_LocalEulerAnglesHint: {x: 0, y: 0, z: 0}
  m_AnchorMin: {x: 0.5, y: 0.5}
  m_AnchorMax: {x: 0.5, y: 0.5}
  m_AnchoredPosition: {x: -563, y: 0}
  m_SizeDelta: {x: 73, y: 48}
  m_Pivot: {x: 0.5, y: 0.5}
--- !u!114 &381824371
MonoBehaviour:
  m_ObjectHideFlags: 0
  m_PrefabParentObject: {fileID: 11434296, guid: 30a446a6928c9574eaa21fe6a1e03ce3,
    type: 2}
  m_PrefabInternal: {fileID: 488659762}
  m_GameObject: {fileID: 381824369}
  m_Enabled: 1
  m_EditorHideFlags: 0
  m_Script: {fileID: 708705254, guid: f5f67c52d1564df4a8936ccd202a3bd8, type: 3}
  m_Name: 
  m_EditorClassIdentifier: 
  m_Material: {fileID: 0}
  m_Color: {r: 1, g: 1, b: 1, a: 1}
  m_RaycastTarget: 1
  m_OnCullStateChanged:
    m_PersistentCalls:
      m_Calls: []
    m_TypeName: UnityEngine.UI.MaskableGraphic+CullStateChangedEvent, UnityEngine.UI,
      Version=1.0.0.0, Culture=neutral, PublicKeyToken=null
  m_FontData:
    m_Font: {fileID: 12800000, guid: bd1ea67ca2b5742d1a24fcbdc17c55e1, type: 3}
    m_FontSize: 24
    m_FontStyle: 0
    m_BestFit: 0
    m_MinSize: 10
    m_MaxSize: 40
    m_Alignment: 3
    m_AlignByGeometry: 0
    m_RichText: 1
    m_HorizontalOverflow: 0
    m_VerticalOverflow: 0
    m_LineSpacing: 1
  m_Text: 0:00
--- !u!222 &381824372
CanvasRenderer:
  m_ObjectHideFlags: 0
  m_PrefabParentObject: {fileID: 22261918, guid: 30a446a6928c9574eaa21fe6a1e03ce3,
    type: 2}
  m_PrefabInternal: {fileID: 488659762}
  m_GameObject: {fileID: 381824369}
--- !u!1 &454457281
GameObject:
  m_ObjectHideFlags: 0
  m_PrefabParentObject: {fileID: 108052, guid: 30a446a6928c9574eaa21fe6a1e03ce3, type: 2}
  m_PrefabInternal: {fileID: 488659762}
  serializedVersion: 5
  m_Component:
  - component: {fileID: 454457282}
  - component: {fileID: 454457284}
  - component: {fileID: 454457283}
  m_Layer: 5
  m_Name: BottomPanel
  m_TagString: Untagged
  m_Icon: {fileID: 0}
  m_NavMeshLayer: 0
  m_StaticEditorFlags: 0
  m_IsActive: 1
--- !u!224 &454457282
RectTransform:
  m_ObjectHideFlags: 0
  m_PrefabParentObject: {fileID: 22451386, guid: 30a446a6928c9574eaa21fe6a1e03ce3,
    type: 2}
  m_PrefabInternal: {fileID: 488659762}
  m_GameObject: {fileID: 454457281}
  m_LocalRotation: {x: 0, y: 0, z: 0, w: 1}
  m_LocalPosition: {x: 0, y: 0, z: 0}
  m_LocalScale: {x: 1, y: 1, z: 1}
  m_Children:
  - {fileID: 2016692458}
  m_Father: {fileID: 746586908}
  m_RootOrder: 13
  m_LocalEulerAnglesHint: {x: 0, y: 0, z: 0}
  m_AnchorMin: {x: 0.5, y: 0.5}
  m_AnchorMax: {x: 0.5, y: 0.5}
  m_AnchoredPosition: {x: 0, y: -581}
  m_SizeDelta: {x: 2400, y: 188}
  m_Pivot: {x: 0.5, y: 0.5}
--- !u!114 &454457283
MonoBehaviour:
  m_ObjectHideFlags: 0
  m_PrefabParentObject: {fileID: 11427794, guid: 30a446a6928c9574eaa21fe6a1e03ce3,
    type: 2}
  m_PrefabInternal: {fileID: 488659762}
  m_GameObject: {fileID: 454457281}
  m_Enabled: 1
  m_EditorHideFlags: 0
  m_Script: {fileID: -765806418, guid: f5f67c52d1564df4a8936ccd202a3bd8, type: 3}
  m_Name: 
  m_EditorClassIdentifier: 
  m_Material: {fileID: 0}
  m_Color: {r: 0.12156863, g: 0.12156863, b: 0.12156863, a: 1}
  m_RaycastTarget: 1
  m_OnCullStateChanged:
    m_PersistentCalls:
      m_Calls: []
    m_TypeName: UnityEngine.UI.MaskableGraphic+CullStateChangedEvent, UnityEngine.UI,
      Version=1.0.0.0, Culture=neutral, PublicKeyToken=null
  m_Sprite: {fileID: 21300000, guid: 7ed1238760b863f4aafde32ab3a6f28c, type: 3}
  m_Type: 1
  m_PreserveAspect: 0
  m_FillCenter: 1
  m_FillMethod: 4
  m_FillAmount: 1
  m_FillClockwise: 1
  m_FillOrigin: 0
--- !u!222 &454457284
CanvasRenderer:
  m_ObjectHideFlags: 0
  m_PrefabParentObject: {fileID: 22215368, guid: 30a446a6928c9574eaa21fe6a1e03ce3,
    type: 2}
  m_PrefabInternal: {fileID: 488659762}
  m_GameObject: {fileID: 454457281}
--- !u!1 &472045264
GameObject:
  m_ObjectHideFlags: 0
  m_PrefabParentObject: {fileID: 137168, guid: 30a446a6928c9574eaa21fe6a1e03ce3, type: 2}
  m_PrefabInternal: {fileID: 488659762}
  serializedVersion: 5
  m_Component:
  - component: {fileID: 472045265}
  - component: {fileID: 472045267}
  - component: {fileID: 472045266}
  m_Layer: 5
  m_Name: Image
  m_TagString: Untagged
  m_Icon: {fileID: 0}
  m_NavMeshLayer: 0
  m_StaticEditorFlags: 0
  m_IsActive: 1
--- !u!224 &472045265
RectTransform:
  m_ObjectHideFlags: 0
  m_PrefabParentObject: {fileID: 22463568, guid: 30a446a6928c9574eaa21fe6a1e03ce3,
    type: 2}
  m_PrefabInternal: {fileID: 488659762}
  m_GameObject: {fileID: 472045264}
  m_LocalRotation: {x: 0, y: 0, z: 0, w: 1}
  m_LocalPosition: {x: 0, y: 0, z: 0}
  m_LocalScale: {x: 1, y: 1, z: 1}
  m_Children: []
  m_Father: {fileID: 2079340757}
  m_RootOrder: 1
  m_LocalEulerAnglesHint: {x: 0, y: 0, z: 0}
  m_AnchorMin: {x: 0.5, y: 0.5}
  m_AnchorMax: {x: 0.5, y: 0.5}
  m_AnchoredPosition: {x: 0.0006518364, y: 0.00016784668}
  m_SizeDelta: {x: 614, y: 616}
  m_Pivot: {x: 0.5, y: 0.5}
--- !u!114 &472045266
MonoBehaviour:
  m_ObjectHideFlags: 0
  m_PrefabParentObject: {fileID: 11482814, guid: 30a446a6928c9574eaa21fe6a1e03ce3,
    type: 2}
  m_PrefabInternal: {fileID: 488659762}
  m_GameObject: {fileID: 472045264}
  m_Enabled: 1
  m_EditorHideFlags: 0
  m_Script: {fileID: -765806418, guid: f5f67c52d1564df4a8936ccd202a3bd8, type: 3}
  m_Name: 
  m_EditorClassIdentifier: 
  m_Material: {fileID: 0}
  m_Color: {r: 1, g: 1, b: 1, a: 0.101960786}
  m_RaycastTarget: 1
  m_OnCullStateChanged:
    m_PersistentCalls:
      m_Calls: []
    m_TypeName: UnityEngine.UI.MaskableGraphic+CullStateChangedEvent, UnityEngine.UI,
      Version=1.0.0.0, Culture=neutral, PublicKeyToken=null
  m_Sprite: {fileID: 21300000, guid: c4f365291f5513c4f90ea007ba10a8bd, type: 3}
  m_Type: 1
  m_PreserveAspect: 0
  m_FillCenter: 1
  m_FillMethod: 4
  m_FillAmount: 1
  m_FillClockwise: 1
  m_FillOrigin: 0
--- !u!222 &472045267
CanvasRenderer:
  m_ObjectHideFlags: 0
  m_PrefabParentObject: {fileID: 22284488, guid: 30a446a6928c9574eaa21fe6a1e03ce3,
    type: 2}
  m_PrefabInternal: {fileID: 488659762}
  m_GameObject: {fileID: 472045264}
--- !u!1 &475851900
GameObject:
  m_ObjectHideFlags: 0
  m_PrefabParentObject: {fileID: 106282, guid: 30a446a6928c9574eaa21fe6a1e03ce3, type: 2}
  m_PrefabInternal: {fileID: 488659762}
  serializedVersion: 5
  m_Component:
  - component: {fileID: 475851901}
  - component: {fileID: 475851903}
  - component: {fileID: 475851902}
  m_Layer: 5
  m_Name: Text
  m_TagString: Untagged
  m_Icon: {fileID: 0}
  m_NavMeshLayer: 0
  m_StaticEditorFlags: 0
  m_IsActive: 1
--- !u!224 &475851901
RectTransform:
  m_ObjectHideFlags: 0
  m_PrefabParentObject: {fileID: 22446198, guid: 30a446a6928c9574eaa21fe6a1e03ce3,
    type: 2}
  m_PrefabInternal: {fileID: 488659762}
  m_GameObject: {fileID: 475851900}
  m_LocalRotation: {x: 0, y: 0, z: 0, w: 1}
  m_LocalPosition: {x: 0, y: 0, z: 0}
  m_LocalScale: {x: 1, y: 1, z: 1}
  m_Children: []
  m_Father: {fileID: 803679062}
  m_RootOrder: 4
  m_LocalEulerAnglesHint: {x: 0, y: 0, z: 0}
  m_AnchorMin: {x: 0.5, y: 0.5}
  m_AnchorMax: {x: 0.5, y: 0.5}
  m_AnchoredPosition: {x: 550, y: 0}
  m_SizeDelta: {x: 73, y: 48}
  m_Pivot: {x: 0.5, y: 0.5}
--- !u!114 &475851902
MonoBehaviour:
  m_ObjectHideFlags: 0
  m_PrefabParentObject: {fileID: 11498634, guid: 30a446a6928c9574eaa21fe6a1e03ce3,
    type: 2}
  m_PrefabInternal: {fileID: 488659762}
  m_GameObject: {fileID: 475851900}
  m_Enabled: 1
  m_EditorHideFlags: 0
  m_Script: {fileID: 708705254, guid: f5f67c52d1564df4a8936ccd202a3bd8, type: 3}
  m_Name: 
  m_EditorClassIdentifier: 
  m_Material: {fileID: 0}
  m_Color: {r: 1, g: 1, b: 1, a: 1}
  m_RaycastTarget: 1
  m_OnCullStateChanged:
    m_PersistentCalls:
      m_Calls: []
    m_TypeName: UnityEngine.UI.MaskableGraphic+CullStateChangedEvent, UnityEngine.UI,
      Version=1.0.0.0, Culture=neutral, PublicKeyToken=null
  m_FontData:
    m_Font: {fileID: 12800000, guid: bd1ea67ca2b5742d1a24fcbdc17c55e1, type: 3}
    m_FontSize: 24
    m_FontStyle: 0
    m_BestFit: 0
    m_MinSize: 10
    m_MaxSize: 40
    m_Alignment: 5
    m_AlignByGeometry: 0
    m_RichText: 1
    m_HorizontalOverflow: 0
    m_VerticalOverflow: 0
    m_LineSpacing: 1
  m_Text: -3:28
--- !u!222 &475851903
CanvasRenderer:
  m_ObjectHideFlags: 0
  m_PrefabParentObject: {fileID: 22259554, guid: 30a446a6928c9574eaa21fe6a1e03ce3,
    type: 2}
  m_PrefabInternal: {fileID: 488659762}
  m_GameObject: {fileID: 475851900}
--- !u!1001 &488659762
Prefab:
  m_ObjectHideFlags: 0
  serializedVersion: 2
  m_Modification:
    m_TransformParent: {fileID: 0}
    m_Modifications:
    - target: {fileID: 22484934, guid: 30a446a6928c9574eaa21fe6a1e03ce3, type: 2}
      propertyPath: m_LocalPosition.x
      value: 0
      objectReference: {fileID: 0}
    - target: {fileID: 22484934, guid: 30a446a6928c9574eaa21fe6a1e03ce3, type: 2}
      propertyPath: m_LocalPosition.y
      value: 0
      objectReference: {fileID: 0}
    - target: {fileID: 22484934, guid: 30a446a6928c9574eaa21fe6a1e03ce3, type: 2}
      propertyPath: m_LocalPosition.z
      value: 0
      objectReference: {fileID: 0}
    - target: {fileID: 22484934, guid: 30a446a6928c9574eaa21fe6a1e03ce3, type: 2}
      propertyPath: m_LocalRotation.x
      value: 0
      objectReference: {fileID: 0}
    - target: {fileID: 22484934, guid: 30a446a6928c9574eaa21fe6a1e03ce3, type: 2}
      propertyPath: m_LocalRotation.y
      value: 0
      objectReference: {fileID: 0}
    - target: {fileID: 22484934, guid: 30a446a6928c9574eaa21fe6a1e03ce3, type: 2}
      propertyPath: m_LocalRotation.z
      value: 0
      objectReference: {fileID: 0}
    - target: {fileID: 22484934, guid: 30a446a6928c9574eaa21fe6a1e03ce3, type: 2}
      propertyPath: m_LocalRotation.w
      value: 1
      objectReference: {fileID: 0}
    - target: {fileID: 22484934, guid: 30a446a6928c9574eaa21fe6a1e03ce3, type: 2}
      propertyPath: m_RootOrder
      value: 0
      objectReference: {fileID: 0}
    - target: {fileID: 22484934, guid: 30a446a6928c9574eaa21fe6a1e03ce3, type: 2}
      propertyPath: m_AnchoredPosition.x
      value: 0
      objectReference: {fileID: 0}
    - target: {fileID: 22484934, guid: 30a446a6928c9574eaa21fe6a1e03ce3, type: 2}
      propertyPath: m_AnchoredPosition.y
      value: 0
      objectReference: {fileID: 0}
    - target: {fileID: 22484934, guid: 30a446a6928c9574eaa21fe6a1e03ce3, type: 2}
      propertyPath: m_SizeDelta.x
      value: 0
      objectReference: {fileID: 0}
    - target: {fileID: 22484934, guid: 30a446a6928c9574eaa21fe6a1e03ce3, type: 2}
      propertyPath: m_SizeDelta.y
      value: 0
      objectReference: {fileID: 0}
    - target: {fileID: 22484934, guid: 30a446a6928c9574eaa21fe6a1e03ce3, type: 2}
      propertyPath: m_AnchorMin.x
      value: 0
      objectReference: {fileID: 0}
    - target: {fileID: 22484934, guid: 30a446a6928c9574eaa21fe6a1e03ce3, type: 2}
      propertyPath: m_AnchorMin.y
      value: 0
      objectReference: {fileID: 0}
    - target: {fileID: 22484934, guid: 30a446a6928c9574eaa21fe6a1e03ce3, type: 2}
      propertyPath: m_AnchorMax.x
      value: 0
      objectReference: {fileID: 0}
    - target: {fileID: 22484934, guid: 30a446a6928c9574eaa21fe6a1e03ce3, type: 2}
      propertyPath: m_AnchorMax.y
      value: 0
      objectReference: {fileID: 0}
    - target: {fileID: 22484934, guid: 30a446a6928c9574eaa21fe6a1e03ce3, type: 2}
      propertyPath: m_Pivot.x
      value: 0
      objectReference: {fileID: 0}
    - target: {fileID: 22484934, guid: 30a446a6928c9574eaa21fe6a1e03ce3, type: 2}
      propertyPath: m_Pivot.y
      value: 0
      objectReference: {fileID: 0}
    - target: {fileID: 22479836, guid: 30a446a6928c9574eaa21fe6a1e03ce3, type: 2}
      propertyPath: m_AnchorMax.x
      value: 0
      objectReference: {fileID: 0}
    - target: {fileID: 22479836, guid: 30a446a6928c9574eaa21fe6a1e03ce3, type: 2}
      propertyPath: m_AnchorMax.y
      value: 0
      objectReference: {fileID: 0}
    - target: {fileID: 22463474, guid: 30a446a6928c9574eaa21fe6a1e03ce3, type: 2}
      propertyPath: m_AnchorMin.x
      value: 0
      objectReference: {fileID: 0}
    - target: {fileID: 22463474, guid: 30a446a6928c9574eaa21fe6a1e03ce3, type: 2}
      propertyPath: m_AnchorMax.x
      value: 0
      objectReference: {fileID: 0}
    - target: {fileID: 22463474, guid: 30a446a6928c9574eaa21fe6a1e03ce3, type: 2}
      propertyPath: m_AnchorMax.y
      value: 0
      objectReference: {fileID: 0}
    - target: {fileID: 22446626, guid: 30a446a6928c9574eaa21fe6a1e03ce3, type: 2}
      propertyPath: m_AnchorMax.x
      value: 0
      objectReference: {fileID: 0}
    - target: {fileID: 22446626, guid: 30a446a6928c9574eaa21fe6a1e03ce3, type: 2}
      propertyPath: m_AnchorMax.y
      value: 0
      objectReference: {fileID: 0}
    - target: {fileID: 22455616, guid: 30a446a6928c9574eaa21fe6a1e03ce3, type: 2}
      propertyPath: m_AnchorMin.x
      value: 0
      objectReference: {fileID: 0}
    - target: {fileID: 22455616, guid: 30a446a6928c9574eaa21fe6a1e03ce3, type: 2}
      propertyPath: m_AnchorMax.x
      value: 0
      objectReference: {fileID: 0}
    - target: {fileID: 22455616, guid: 30a446a6928c9574eaa21fe6a1e03ce3, type: 2}
      propertyPath: m_AnchorMax.y
      value: 0
      objectReference: {fileID: 0}
    m_RemovedComponents: []
  m_ParentPrefab: {fileID: 100100000, guid: 30a446a6928c9574eaa21fe6a1e03ce3, type: 2}
  m_RootGameObject: {fileID: 784937046}
  m_IsPrefabParent: 0
--- !u!1 &505417973
GameObject:
  m_ObjectHideFlags: 0
  m_PrefabParentObject: {fileID: 137176, guid: 30a446a6928c9574eaa21fe6a1e03ce3, type: 2}
  m_PrefabInternal: {fileID: 488659762}
  serializedVersion: 5
  m_Component:
  - component: {fileID: 505417974}
  - component: {fileID: 505417977}
  - component: {fileID: 505417976}
  - component: {fileID: 505417975}
  m_Layer: 5
  m_Name: Button
  m_TagString: Untagged
  m_Icon: {fileID: 0}
  m_NavMeshLayer: 0
  m_StaticEditorFlags: 0
  m_IsActive: 1
--- !u!224 &505417974
RectTransform:
  m_ObjectHideFlags: 0
  m_PrefabParentObject: {fileID: 22406820, guid: 30a446a6928c9574eaa21fe6a1e03ce3,
    type: 2}
  m_PrefabInternal: {fileID: 488659762}
  m_GameObject: {fileID: 505417973}
  m_LocalRotation: {x: 0, y: 0, z: 1, w: -0.00000004371139}
  m_LocalPosition: {x: 0, y: 0, z: 0}
  m_LocalScale: {x: 0.6, y: 0.6, z: 1}
  m_Children: []
  m_Father: {fileID: 746586908}
  m_RootOrder: 4
  m_LocalEulerAnglesHint: {x: 0, y: 0, z: 0}
  m_AnchorMin: {x: 0.5, y: 0.5}
  m_AnchorMax: {x: 0.5, y: 0.5}
  m_AnchoredPosition: {x: -300, y: -345}
  m_SizeDelta: {x: 88, y: 54}
  m_Pivot: {x: 0.5, y: 0.5}
--- !u!114 &505417975
MonoBehaviour:
  m_ObjectHideFlags: 0
  m_PrefabParentObject: {fileID: 11450208, guid: 30a446a6928c9574eaa21fe6a1e03ce3,
    type: 2}
  m_PrefabInternal: {fileID: 488659762}
  m_GameObject: {fileID: 505417973}
  m_Enabled: 1
  m_EditorHideFlags: 0
  m_Script: {fileID: 1392445389, guid: f5f67c52d1564df4a8936ccd202a3bd8, type: 3}
  m_Name: 
  m_EditorClassIdentifier: 
  m_Navigation:
    m_Mode: 3
    m_SelectOnUp: {fileID: 0}
    m_SelectOnDown: {fileID: 0}
    m_SelectOnLeft: {fileID: 0}
    m_SelectOnRight: {fileID: 0}
  m_Transition: 1
  m_Colors:
    m_NormalColor: {r: 1, g: 1, b: 1, a: 1}
    m_HighlightedColor: {r: 0.9607843, g: 0.9607843, b: 0.9607843, a: 1}
    m_PressedColor: {r: 0.78431374, g: 0.78431374, b: 0.78431374, a: 1}
    m_DisabledColor: {r: 0.78431374, g: 0.78431374, b: 0.78431374, a: 0.5019608}
    m_ColorMultiplier: 1
    m_FadeDuration: 0.1
  m_SpriteState:
    m_HighlightedSprite: {fileID: 0}
    m_PressedSprite: {fileID: 0}
    m_DisabledSprite: {fileID: 0}
  m_AnimationTriggers:
    m_NormalTrigger: Normal
    m_HighlightedTrigger: Highlighted
    m_PressedTrigger: Pressed
    m_DisabledTrigger: Disabled
  m_Interactable: 1
  m_TargetGraphic: {fileID: 505417976}
  m_OnClick:
    m_PersistentCalls:
      m_Calls: []
    m_TypeName: UnityEngine.UI.Button+ButtonClickedEvent, UnityEngine.UI, Version=1.0.0.0,
      Culture=neutral, PublicKeyToken=null
--- !u!114 &505417976
MonoBehaviour:
  m_ObjectHideFlags: 0
  m_PrefabParentObject: {fileID: 11453522, guid: 30a446a6928c9574eaa21fe6a1e03ce3,
    type: 2}
  m_PrefabInternal: {fileID: 488659762}
  m_GameObject: {fileID: 505417973}
  m_Enabled: 1
  m_EditorHideFlags: 0
  m_Script: {fileID: -765806418, guid: f5f67c52d1564df4a8936ccd202a3bd8, type: 3}
  m_Name: 
  m_EditorClassIdentifier: 
  m_Material: {fileID: 0}
  m_Color: {r: 1, g: 1, b: 1, a: 1}
  m_RaycastTarget: 1
  m_OnCullStateChanged:
    m_PersistentCalls:
      m_Calls: []
    m_TypeName: UnityEngine.UI.MaskableGraphic+CullStateChangedEvent, UnityEngine.UI,
      Version=1.0.0.0, Culture=neutral, PublicKeyToken=null
  m_Sprite: {fileID: 21300000, guid: 8d3e2c3d8e35f45a799d6dfec6e953a2, type: 3}
  m_Type: 0
  m_PreserveAspect: 0
  m_FillCenter: 1
  m_FillMethod: 4
  m_FillAmount: 1
  m_FillClockwise: 1
  m_FillOrigin: 0
--- !u!222 &505417977
CanvasRenderer:
  m_ObjectHideFlags: 0
  m_PrefabParentObject: {fileID: 22204730, guid: 30a446a6928c9574eaa21fe6a1e03ce3,
    type: 2}
  m_PrefabInternal: {fileID: 488659762}
  m_GameObject: {fileID: 505417973}
--- !u!1 &593881736
GameObject:
  m_ObjectHideFlags: 0
  m_PrefabParentObject: {fileID: 172110, guid: 30a446a6928c9574eaa21fe6a1e03ce3, type: 2}
  m_PrefabInternal: {fileID: 488659762}
  serializedVersion: 5
  m_Component:
  - component: {fileID: 593881737}
  - component: {fileID: 593881739}
  - component: {fileID: 593881738}
  m_Layer: 5
  m_Name: BGPhotography
  m_TagString: Untagged
  m_Icon: {fileID: 0}
  m_NavMeshLayer: 0
  m_StaticEditorFlags: 0
  m_IsActive: 1
--- !u!224 &593881737
RectTransform:
  m_ObjectHideFlags: 0
  m_PrefabParentObject: {fileID: 22432714, guid: 30a446a6928c9574eaa21fe6a1e03ce3,
    type: 2}
  m_PrefabInternal: {fileID: 488659762}
  m_GameObject: {fileID: 593881736}
  m_LocalRotation: {x: 0, y: 0, z: 0, w: 1}
  m_LocalPosition: {x: 0, y: 0, z: 0}
  m_LocalScale: {x: 1, y: 1, z: 1}
  m_Children: []
  m_Father: {fileID: 746586908}
  m_RootOrder: 0
  m_LocalEulerAnglesHint: {x: 0, y: 0, z: 0}
  m_AnchorMin: {x: 0.5, y: 0.5}
  m_AnchorMax: {x: 0.5, y: 0.5}
  m_AnchoredPosition: {x: 15, y: 0}
  m_SizeDelta: {x: 2463, y: 3450}
  m_Pivot: {x: 0.5, y: 0.5}
--- !u!114 &593881738
MonoBehaviour:
  m_ObjectHideFlags: 0
  m_PrefabParentObject: {fileID: 11486888, guid: 30a446a6928c9574eaa21fe6a1e03ce3,
    type: 2}
  m_PrefabInternal: {fileID: 488659762}
  m_GameObject: {fileID: 593881736}
  m_Enabled: 1
  m_EditorHideFlags: 0
  m_Script: {fileID: -765806418, guid: f5f67c52d1564df4a8936ccd202a3bd8, type: 3}
  m_Name: 
  m_EditorClassIdentifier: 
  m_Material: {fileID: 0}
  m_Color: {r: 1, g: 1, b: 1, a: 0.043137256}
  m_RaycastTarget: 1
  m_OnCullStateChanged:
    m_PersistentCalls:
      m_Calls: []
    m_TypeName: UnityEngine.UI.MaskableGraphic+CullStateChangedEvent, UnityEngine.UI,
      Version=1.0.0.0, Culture=neutral, PublicKeyToken=null
  m_Sprite: {fileID: 21300000, guid: 11619e2e053004f64a8e9c75c0b74b0f, type: 3}
  m_Type: 0
  m_PreserveAspect: 0
  m_FillCenter: 1
  m_FillMethod: 4
  m_FillAmount: 1
  m_FillClockwise: 1
  m_FillOrigin: 0
--- !u!222 &593881739
CanvasRenderer:
  m_ObjectHideFlags: 0
  m_PrefabParentObject: {fileID: 22208594, guid: 30a446a6928c9574eaa21fe6a1e03ce3,
    type: 2}
  m_PrefabInternal: {fileID: 488659762}
  m_GameObject: {fileID: 593881736}
--- !u!1 &626350056
GameObject:
  m_ObjectHideFlags: 0
  m_PrefabParentObject: {fileID: 191260, guid: 30a446a6928c9574eaa21fe6a1e03ce3, type: 2}
  m_PrefabInternal: {fileID: 488659762}
  serializedVersion: 5
  m_Component:
  - component: {fileID: 626350057}
  - component: {fileID: 626350060}
  - component: {fileID: 626350059}
  - component: {fileID: 626350058}
  m_Layer: 5
  m_Name: Button
  m_TagString: Untagged
  m_Icon: {fileID: 0}
  m_NavMeshLayer: 0
  m_StaticEditorFlags: 0
  m_IsActive: 1
--- !u!224 &626350057
RectTransform:
  m_ObjectHideFlags: 0
  m_PrefabParentObject: {fileID: 22499426, guid: 30a446a6928c9574eaa21fe6a1e03ce3,
    type: 2}
  m_PrefabInternal: {fileID: 488659762}
  m_GameObject: {fileID: 626350056}
  m_LocalRotation: {x: 0, y: 0, z: 0, w: 1}
  m_LocalPosition: {x: 0, y: 0, z: 0}
  m_LocalScale: {x: 0.6, y: 0.6, z: 1}
  m_Children: []
  m_Father: {fileID: 746586908}
  m_RootOrder: 3
  m_LocalEulerAnglesHint: {x: 0, y: 0, z: 0}
  m_AnchorMin: {x: 0.5, y: 0.5}
  m_AnchorMax: {x: 0.5, y: 0.5}
  m_AnchoredPosition: {x: 310, y: -345}
  m_SizeDelta: {x: 88, y: 54}
  m_Pivot: {x: 0.5, y: 0.5}
--- !u!114 &626350058
MonoBehaviour:
  m_ObjectHideFlags: 0
  m_PrefabParentObject: {fileID: 11449968, guid: 30a446a6928c9574eaa21fe6a1e03ce3,
    type: 2}
  m_PrefabInternal: {fileID: 488659762}
  m_GameObject: {fileID: 626350056}
  m_Enabled: 1
  m_EditorHideFlags: 0
  m_Script: {fileID: 1392445389, guid: f5f67c52d1564df4a8936ccd202a3bd8, type: 3}
  m_Name: 
  m_EditorClassIdentifier: 
  m_Navigation:
    m_Mode: 3
    m_SelectOnUp: {fileID: 0}
    m_SelectOnDown: {fileID: 0}
    m_SelectOnLeft: {fileID: 0}
    m_SelectOnRight: {fileID: 0}
  m_Transition: 1
  m_Colors:
    m_NormalColor: {r: 1, g: 1, b: 1, a: 1}
    m_HighlightedColor: {r: 0.9607843, g: 0.9607843, b: 0.9607843, a: 1}
    m_PressedColor: {r: 0.78431374, g: 0.78431374, b: 0.78431374, a: 1}
    m_DisabledColor: {r: 0.78431374, g: 0.78431374, b: 0.78431374, a: 0.5019608}
    m_ColorMultiplier: 1
    m_FadeDuration: 0.1
  m_SpriteState:
    m_HighlightedSprite: {fileID: 0}
    m_PressedSprite: {fileID: 0}
    m_DisabledSprite: {fileID: 0}
  m_AnimationTriggers:
    m_NormalTrigger: Normal
    m_HighlightedTrigger: Highlighted
    m_PressedTrigger: Pressed
    m_DisabledTrigger: Disabled
  m_Interactable: 1
  m_TargetGraphic: {fileID: 626350059}
  m_OnClick:
    m_PersistentCalls:
      m_Calls: []
    m_TypeName: UnityEngine.UI.Button+ButtonClickedEvent, UnityEngine.UI, Version=1.0.0.0,
      Culture=neutral, PublicKeyToken=null
--- !u!114 &626350059
MonoBehaviour:
  m_ObjectHideFlags: 0
  m_PrefabParentObject: {fileID: 11456568, guid: 30a446a6928c9574eaa21fe6a1e03ce3,
    type: 2}
  m_PrefabInternal: {fileID: 488659762}
  m_GameObject: {fileID: 626350056}
  m_Enabled: 1
  m_EditorHideFlags: 0
  m_Script: {fileID: -765806418, guid: f5f67c52d1564df4a8936ccd202a3bd8, type: 3}
  m_Name: 
  m_EditorClassIdentifier: 
  m_Material: {fileID: 0}
  m_Color: {r: 1, g: 1, b: 1, a: 1}
  m_RaycastTarget: 1
  m_OnCullStateChanged:
    m_PersistentCalls:
      m_Calls: []
    m_TypeName: UnityEngine.UI.MaskableGraphic+CullStateChangedEvent, UnityEngine.UI,
      Version=1.0.0.0, Culture=neutral, PublicKeyToken=null
  m_Sprite: {fileID: 21300000, guid: 8d3e2c3d8e35f45a799d6dfec6e953a2, type: 3}
  m_Type: 0
  m_PreserveAspect: 0
  m_FillCenter: 1
  m_FillMethod: 4
  m_FillAmount: 1
  m_FillClockwise: 1
  m_FillOrigin: 0
--- !u!222 &626350060
CanvasRenderer:
  m_ObjectHideFlags: 0
  m_PrefabParentObject: {fileID: 22207552, guid: 30a446a6928c9574eaa21fe6a1e03ce3,
    type: 2}
  m_PrefabInternal: {fileID: 488659762}
  m_GameObject: {fileID: 626350056}
--- !u!1 &678390407
GameObject:
  m_ObjectHideFlags: 0
  m_PrefabParentObject: {fileID: 119380, guid: 30a446a6928c9574eaa21fe6a1e03ce3, type: 2}
  m_PrefabInternal: {fileID: 488659762}
  serializedVersion: 5
  m_Component:
  - component: {fileID: 678390408}
  - component: {fileID: 678390410}
  - component: {fileID: 678390409}
  m_Layer: 5
  m_Name: AppTitle
  m_TagString: Untagged
  m_Icon: {fileID: 0}
  m_NavMeshLayer: 0
  m_StaticEditorFlags: 0
  m_IsActive: 1
--- !u!224 &678390408
RectTransform:
  m_ObjectHideFlags: 0
  m_PrefabParentObject: {fileID: 22459394, guid: 30a446a6928c9574eaa21fe6a1e03ce3,
    type: 2}
  m_PrefabInternal: {fileID: 488659762}
  m_GameObject: {fileID: 678390407}
  m_LocalRotation: {x: 0, y: 0, z: 0, w: 1}
  m_LocalPosition: {x: 0, y: 0, z: 0}
  m_LocalScale: {x: 1, y: 1, z: 1}
  m_Children: []
  m_Father: {fileID: 1929028327}
  m_RootOrder: 0
  m_LocalEulerAnglesHint: {x: 0, y: 0, z: 0}
  m_AnchorMin: {x: 0.5, y: 0.5}
  m_AnchorMax: {x: 0.5, y: 0.5}
  m_AnchoredPosition: {x: -36.5, y: -88}
  m_SizeDelta: {x: 695, y: 67}
  m_Pivot: {x: 0.5, y: 0.5}
--- !u!114 &678390409
MonoBehaviour:
  m_ObjectHideFlags: 0
  m_PrefabParentObject: {fileID: 11465356, guid: 30a446a6928c9574eaa21fe6a1e03ce3,
    type: 2}
  m_PrefabInternal: {fileID: 488659762}
  m_GameObject: {fileID: 678390407}
  m_Enabled: 1
  m_EditorHideFlags: 0
  m_Script: {fileID: 708705254, guid: f5f67c52d1564df4a8936ccd202a3bd8, type: 3}
  m_Name: 
  m_EditorClassIdentifier: 
  m_Material: {fileID: 0}
  m_Color: {r: 0.85490197, g: 0.85490197, b: 0.85490197, a: 1}
  m_RaycastTarget: 1
  m_OnCullStateChanged:
    m_PersistentCalls:
      m_Calls: []
    m_TypeName: UnityEngine.UI.MaskableGraphic+CullStateChangedEvent, UnityEngine.UI,
      Version=1.0.0.0, Culture=neutral, PublicKeyToken=null
  m_FontData:
    m_Font: {fileID: 12800000, guid: 218956a5c2a6e42d6a60afccf80b002b, type: 3}
    m_FontSize: 40
    m_FontStyle: 0
    m_BestFit: 0
    m_MinSize: 10
    m_MaxSize: 40
    m_Alignment: 0
    m_AlignByGeometry: 0
    m_RichText: 1
    m_HorizontalOverflow: 0
    m_VerticalOverflow: 1
    m_LineSpacing: 1
  m_Text: APP SAMPLE DESKTOP
--- !u!222 &678390410
CanvasRenderer:
  m_ObjectHideFlags: 0
  m_PrefabParentObject: {fileID: 22281546, guid: 30a446a6928c9574eaa21fe6a1e03ce3,
    type: 2}
  m_PrefabInternal: {fileID: 488659762}
  m_GameObject: {fileID: 678390407}
--- !u!1 &690008168
GameObject:
  m_ObjectHideFlags: 0
  m_PrefabParentObject: {fileID: 138030, guid: 30a446a6928c9574eaa21fe6a1e03ce3, type: 2}
  m_PrefabInternal: {fileID: 488659762}
  serializedVersion: 5
  m_Component:
  - component: {fileID: 690008169}
  m_Layer: 5
  m_Name: Fill Area
  m_TagString: Untagged
  m_Icon: {fileID: 0}
  m_NavMeshLayer: 0
  m_StaticEditorFlags: 0
  m_IsActive: 1
--- !u!224 &690008169
RectTransform:
  m_ObjectHideFlags: 0
  m_PrefabParentObject: {fileID: 22498114, guid: 30a446a6928c9574eaa21fe6a1e03ce3,
    type: 2}
  m_PrefabInternal: {fileID: 488659762}
  m_GameObject: {fileID: 690008168}
  m_LocalRotation: {x: 0, y: 0, z: 0, w: 1}
  m_LocalPosition: {x: 0, y: 0, z: 0}
  m_LocalScale: {x: 1, y: 1, z: 1}
  m_Children:
  - {fileID: 1057720672}
  m_Father: {fileID: 2016692458}
  m_RootOrder: 1
  m_LocalEulerAnglesHint: {x: 0, y: 0, z: 0}
  m_AnchorMin: {x: 0, y: 0.25}
  m_AnchorMax: {x: 1, y: 0.75}
  m_AnchoredPosition: {x: -7.499997, y: 0}
  m_SizeDelta: {x: -15, y: 0}
  m_Pivot: {x: 0.5, y: 0.5}
--- !u!1 &746586907
GameObject:
  m_ObjectHideFlags: 0
  m_PrefabParentObject: {fileID: 131852, guid: 30a446a6928c9574eaa21fe6a1e03ce3, type: 2}
  m_PrefabInternal: {fileID: 488659762}
  serializedVersion: 5
  m_Component:
  - component: {fileID: 746586908}
  - component: {fileID: 746586911}
  - component: {fileID: 746586910}
  - component: {fileID: 746586909}
  m_Layer: 5
  m_Name: Panel
  m_TagString: Untagged
  m_Icon: {fileID: 0}
  m_NavMeshLayer: 0
  m_StaticEditorFlags: 0
  m_IsActive: 1
--- !u!224 &746586908
RectTransform:
  m_ObjectHideFlags: 0
  m_PrefabParentObject: {fileID: 22440410, guid: 30a446a6928c9574eaa21fe6a1e03ce3,
    type: 2}
  m_PrefabInternal: {fileID: 488659762}
  m_GameObject: {fileID: 746586907}
  m_LocalRotation: {x: 0, y: 0, z: 0, w: 1}
  m_LocalPosition: {x: 0, y: 0, z: 0}
  m_LocalScale: {x: 0.8, y: 0.8, z: 1}
  m_Children:
  - {fileID: 593881737}
  - {fileID: 1037886079}
  - {fileID: 1050103708}
  - {fileID: 626350057}
  - {fileID: 505417974}
  - {fileID: 1973344966}
  - {fileID: 376550669}
  - {fileID: 1532760660}
  - {fileID: 131961091}
  - {fileID: 2038645239}
  - {fileID: 1367575673}
  - {fileID: 187367157}
  - {fileID: 924395324}
  - {fileID: 454457282}
  - {fileID: 803679062}
  - {fileID: 2079340757}
  m_Father: {fileID: 784937050}
  m_RootOrder: 1
  m_LocalEulerAnglesHint: {x: 0, y: 0, z: 0}
  m_AnchorMin: {x: 0.5, y: 0.5}
  m_AnchorMax: {x: 0.5, y: 0.5}
  m_AnchoredPosition: {x: 0, y: 0}
  m_SizeDelta: {x: 2400, y: 1350}
  m_Pivot: {x: 0.5, y: 0.5}
--- !u!114 &746586909
MonoBehaviour:
  m_ObjectHideFlags: 0
  m_PrefabParentObject: {fileID: 11407548, guid: 30a446a6928c9574eaa21fe6a1e03ce3,
    type: 2}
  m_PrefabInternal: {fileID: 488659762}
  m_GameObject: {fileID: 746586907}
  m_Enabled: 1
  m_EditorHideFlags: 0
  m_Script: {fileID: -1200242548, guid: f5f67c52d1564df4a8936ccd202a3bd8, type: 3}
  m_Name: 
  m_EditorClassIdentifier: 
  m_ShowMaskGraphic: 1
--- !u!114 &746586910
MonoBehaviour:
  m_ObjectHideFlags: 0
  m_PrefabParentObject: {fileID: 11403660, guid: 30a446a6928c9574eaa21fe6a1e03ce3,
    type: 2}
  m_PrefabInternal: {fileID: 488659762}
  m_GameObject: {fileID: 746586907}
  m_Enabled: 1
  m_EditorHideFlags: 0
  m_Script: {fileID: -765806418, guid: f5f67c52d1564df4a8936ccd202a3bd8, type: 3}
  m_Name: 
  m_EditorClassIdentifier: 
  m_Material: {fileID: 0}
  m_Color: {r: 0.12156863, g: 0.12156863, b: 0.12156863, a: 1}
  m_RaycastTarget: 1
  m_OnCullStateChanged:
    m_PersistentCalls:
      m_Calls: []
    m_TypeName: UnityEngine.UI.MaskableGraphic+CullStateChangedEvent, UnityEngine.UI,
      Version=1.0.0.0, Culture=neutral, PublicKeyToken=null
  m_Sprite: {fileID: 21300000, guid: 7ed1238760b863f4aafde32ab3a6f28c, type: 3}
  m_Type: 1
  m_PreserveAspect: 0
  m_FillCenter: 1
  m_FillMethod: 4
  m_FillAmount: 1
  m_FillClockwise: 1
  m_FillOrigin: 0
--- !u!222 &746586911
CanvasRenderer:
  m_ObjectHideFlags: 0
  m_PrefabParentObject: {fileID: 22296114, guid: 30a446a6928c9574eaa21fe6a1e03ce3,
    type: 2}
  m_PrefabInternal: {fileID: 488659762}
  m_GameObject: {fileID: 746586907}
--- !u!1 &784937046
GameObject:
  m_ObjectHideFlags: 0
  m_PrefabParentObject: {fileID: 149870, guid: 30a446a6928c9574eaa21fe6a1e03ce3, type: 2}
  m_PrefabInternal: {fileID: 488659762}
  serializedVersion: 5
  m_Component:
  - component: {fileID: 784937050}
  - component: {fileID: 784937049}
  - component: {fileID: 784937048}
  - component: {fileID: 784937047}
  m_Layer: 5
  m_Name: MusicApp
  m_TagString: Untagged
  m_Icon: {fileID: 0}
  m_NavMeshLayer: 0
  m_StaticEditorFlags: 0
  m_IsActive: 1
--- !u!114 &784937047
MonoBehaviour:
  m_ObjectHideFlags: 0
  m_PrefabParentObject: {fileID: 11479568, guid: 30a446a6928c9574eaa21fe6a1e03ce3,
    type: 2}
  m_PrefabInternal: {fileID: 488659762}
  m_GameObject: {fileID: 784937046}
  m_Enabled: 1
  m_EditorHideFlags: 0
  m_Script: {fileID: 1301386320, guid: f5f67c52d1564df4a8936ccd202a3bd8, type: 3}
  m_Name: 
  m_EditorClassIdentifier: 
  m_IgnoreReversedGraphics: 1
  m_BlockingObjects: 0
  m_BlockingMask:
    serializedVersion: 2
    m_Bits: 4294967295
--- !u!114 &784937048
MonoBehaviour:
  m_ObjectHideFlags: 0
  m_PrefabParentObject: {fileID: 11410458, guid: 30a446a6928c9574eaa21fe6a1e03ce3,
    type: 2}
  m_PrefabInternal: {fileID: 488659762}
  m_GameObject: {fileID: 784937046}
  m_Enabled: 1
  m_EditorHideFlags: 0
  m_Script: {fileID: 1980459831, guid: f5f67c52d1564df4a8936ccd202a3bd8, type: 3}
  m_Name: 
  m_EditorClassIdentifier: 
  m_UiScaleMode: 1
  m_ReferencePixelsPerUnit: 100
  m_ScaleFactor: 1
  m_ReferenceResolution: {x: 1920, y: 1080}
  m_ScreenMatchMode: 0
  m_MatchWidthOrHeight: 0
  m_PhysicalUnit: 3
  m_FallbackScreenDPI: 96
  m_DefaultSpriteDPI: 96
  m_DynamicPixelsPerUnit: 1
--- !u!223 &784937049
Canvas:
  m_ObjectHideFlags: 0
  m_PrefabParentObject: {fileID: 22306500, guid: 30a446a6928c9574eaa21fe6a1e03ce3,
    type: 2}
  m_PrefabInternal: {fileID: 488659762}
  m_GameObject: {fileID: 784937046}
  m_Enabled: 1
  serializedVersion: 3
  m_RenderMode: 0
  m_Camera: {fileID: 0}
  m_PlaneDistance: 100
  m_PixelPerfect: 1
  m_ReceivesEvents: 1
  m_OverrideSorting: 0
  m_OverridePixelPerfect: 0
  m_SortingBucketNormalizedSize: 0
  m_AdditionalShaderChannelsFlag: 25
  m_SortingLayerID: 0
  m_SortingOrder: 0
  m_TargetDisplay: 0
--- !u!224 &784937050
RectTransform:
  m_ObjectHideFlags: 0
  m_PrefabParentObject: {fileID: 22484934, guid: 30a446a6928c9574eaa21fe6a1e03ce3,
    type: 2}
  m_PrefabInternal: {fileID: 488659762}
  m_GameObject: {fileID: 784937046}
  m_LocalRotation: {x: 0, y: 0, z: 0, w: 1}
  m_LocalPosition: {x: 0, y: 0, z: 0}
  m_LocalScale: {x: 0, y: 0, z: 0}
  m_Children:
  - {fileID: 1929028327}
  - {fileID: 746586908}
  m_Father: {fileID: 0}
  m_RootOrder: 0
  m_LocalEulerAnglesHint: {x: 0, y: 0, z: 0}
  m_AnchorMin: {x: 0, y: 0}
  m_AnchorMax: {x: 0, y: 0}
  m_AnchoredPosition: {x: 0, y: 0}
  m_SizeDelta: {x: 0, y: 0}
  m_Pivot: {x: 0, y: 0}
--- !u!1 &803679061
GameObject:
  m_ObjectHideFlags: 0
  m_PrefabParentObject: {fileID: 153278, guid: 30a446a6928c9574eaa21fe6a1e03ce3, type: 2}
  m_PrefabInternal: {fileID: 488659762}
  serializedVersion: 5
  m_Component:
  - component: {fileID: 803679062}
  - component: {fileID: 803679063}
  m_Layer: 5
  m_Name: Timer
  m_TagString: Untagged
  m_Icon: {fileID: 0}
  m_NavMeshLayer: 0
  m_StaticEditorFlags: 0
  m_IsActive: 1
--- !u!224 &803679062
RectTransform:
  m_ObjectHideFlags: 0
  m_PrefabParentObject: {fileID: 22475092, guid: 30a446a6928c9574eaa21fe6a1e03ce3,
    type: 2}
  m_PrefabInternal: {fileID: 488659762}
  m_GameObject: {fileID: 803679061}
  m_LocalRotation: {x: 0, y: 0, z: 0, w: 1}
  m_LocalPosition: {x: 0, y: 0, z: 0}
  m_LocalScale: {x: 1, y: 1, z: 1}
  m_Children:
  - {fileID: 867866424}
  - {fileID: 821046195}
  - {fileID: 1285163887}
  - {fileID: 381824370}
  - {fileID: 475851901}
  m_Father: {fileID: 746586908}
  m_RootOrder: 14
  m_LocalEulerAnglesHint: {x: 0, y: 0, z: 0}
  m_AnchorMin: {x: 0.5, y: 0.5}
  m_AnchorMax: {x: 0.5, y: 0.5}
  m_AnchoredPosition: {x: 0, y: -130}
  m_SizeDelta: {x: 955, y: 36}
  m_Pivot: {x: 0.5, y: 0.5}
--- !u!114 &803679063
MonoBehaviour:
  m_ObjectHideFlags: 0
  m_PrefabParentObject: {fileID: 11467086, guid: 30a446a6928c9574eaa21fe6a1e03ce3,
    type: 2}
  m_PrefabInternal: {fileID: 488659762}
  m_GameObject: {fileID: 803679061}
  m_Enabled: 1
  m_EditorHideFlags: 0
  m_Script: {fileID: -113659843, guid: f5f67c52d1564df4a8936ccd202a3bd8, type: 3}
  m_Name: 
  m_EditorClassIdentifier: 
  m_Navigation:
    m_Mode: 3
    m_SelectOnUp: {fileID: 0}
    m_SelectOnDown: {fileID: 0}
    m_SelectOnLeft: {fileID: 0}
    m_SelectOnRight: {fileID: 0}
  m_Transition: 1
  m_Colors:
    m_NormalColor: {r: 1, g: 1, b: 1, a: 1}
    m_HighlightedColor: {r: 0.9607843, g: 0.9607843, b: 0.9607843, a: 1}
    m_PressedColor: {r: 0.78431374, g: 0.78431374, b: 0.78431374, a: 1}
    m_DisabledColor: {r: 0.78431374, g: 0.78431374, b: 0.78431374, a: 0.5019608}
    m_ColorMultiplier: 1.49
    m_FadeDuration: 0.1
  m_SpriteState:
    m_HighlightedSprite: {fileID: 0}
    m_PressedSprite: {fileID: 0}
    m_DisabledSprite: {fileID: 0}
  m_AnimationTriggers:
    m_NormalTrigger: Normal
    m_HighlightedTrigger: Highlighted
    m_PressedTrigger: Pressed
    m_DisabledTrigger: Disabled
  m_Interactable: 1
  m_TargetGraphic: {fileID: 920036346}
  m_FillRect: {fileID: 928919950}
  m_HandleRect: {fileID: 920036345}
  m_Direction: 0
  m_MinValue: 0
  m_MaxValue: 1
  m_WholeNumbers: 0
  m_Value: 0.427
  m_OnValueChanged:
    m_PersistentCalls:
      m_Calls: []
    m_TypeName: UnityEngine.UI.Slider+SliderEvent, UnityEngine.UI, Version=1.0.0.0,
      Culture=neutral, PublicKeyToken=null
--- !u!1 &821046194
GameObject:
  m_ObjectHideFlags: 0
  m_PrefabParentObject: {fileID: 179710, guid: 30a446a6928c9574eaa21fe6a1e03ce3, type: 2}
  m_PrefabInternal: {fileID: 488659762}
  serializedVersion: 5
  m_Component:
  - component: {fileID: 821046195}
  m_Layer: 5
  m_Name: Fill Area
  m_TagString: Untagged
  m_Icon: {fileID: 0}
  m_NavMeshLayer: 0
  m_StaticEditorFlags: 0
  m_IsActive: 1
--- !u!224 &821046195
RectTransform:
  m_ObjectHideFlags: 0
  m_PrefabParentObject: {fileID: 22423178, guid: 30a446a6928c9574eaa21fe6a1e03ce3,
    type: 2}
  m_PrefabInternal: {fileID: 488659762}
  m_GameObject: {fileID: 821046194}
  m_LocalRotation: {x: 0, y: 0, z: 0, w: 1}
  m_LocalPosition: {x: 0, y: 0, z: 0}
  m_LocalScale: {x: 1, y: 1, z: 1}
  m_Children:
  - {fileID: 928919950}
  m_Father: {fileID: 803679062}
  m_RootOrder: 1
  m_LocalEulerAnglesHint: {x: 0, y: 0, z: 0}
  m_AnchorMin: {x: 0, y: 0.25}
  m_AnchorMax: {x: 1, y: 0.75}
  m_AnchoredPosition: {x: -7.499997, y: 0}
  m_SizeDelta: {x: -15, y: 0}
  m_Pivot: {x: 0.5, y: 0.5}
--- !u!1 &867866423
GameObject:
  m_ObjectHideFlags: 0
  m_PrefabParentObject: {fileID: 165816, guid: 30a446a6928c9574eaa21fe6a1e03ce3, type: 2}
  m_PrefabInternal: {fileID: 488659762}
  serializedVersion: 5
  m_Component:
  - component: {fileID: 867866424}
  - component: {fileID: 867866426}
  - component: {fileID: 867866425}
  m_Layer: 5
  m_Name: Background
  m_TagString: Untagged
  m_Icon: {fileID: 0}
  m_NavMeshLayer: 0
  m_StaticEditorFlags: 0
  m_IsActive: 1
--- !u!224 &867866424
RectTransform:
  m_ObjectHideFlags: 0
  m_PrefabParentObject: {fileID: 22416228, guid: 30a446a6928c9574eaa21fe6a1e03ce3,
    type: 2}
  m_PrefabInternal: {fileID: 488659762}
  m_GameObject: {fileID: 867866423}
  m_LocalRotation: {x: 0, y: 0, z: 0, w: 1}
  m_LocalPosition: {x: 0, y: 0, z: 0}
  m_LocalScale: {x: 1, y: 1, z: 1}
  m_Children: []
  m_Father: {fileID: 803679062}
  m_RootOrder: 0
  m_LocalEulerAnglesHint: {x: 0, y: 0, z: 0}
  m_AnchorMin: {x: 0, y: 0.25}
  m_AnchorMax: {x: 1, y: 0.75}
  m_AnchoredPosition: {x: -5.0000014, y: 0}
  m_SizeDelta: {x: -10, y: -6}
  m_Pivot: {x: 0.5, y: 0.5}
--- !u!114 &867866425
MonoBehaviour:
  m_ObjectHideFlags: 0
  m_PrefabParentObject: {fileID: 11453330, guid: 30a446a6928c9574eaa21fe6a1e03ce3,
    type: 2}
  m_PrefabInternal: {fileID: 488659762}
  m_GameObject: {fileID: 867866423}
  m_Enabled: 1
  m_EditorHideFlags: 0
  m_Script: {fileID: -765806418, guid: f5f67c52d1564df4a8936ccd202a3bd8, type: 3}
  m_Name: 
  m_EditorClassIdentifier: 
  m_Material: {fileID: 0}
  m_Color: {r: 0.08823532, g: 0.08823532, b: 0.08823532, a: 1}
  m_RaycastTarget: 1
  m_OnCullStateChanged:
    m_PersistentCalls:
      m_Calls: []
    m_TypeName: UnityEngine.UI.MaskableGraphic+CullStateChangedEvent, UnityEngine.UI,
      Version=1.0.0.0, Culture=neutral, PublicKeyToken=null
  m_Sprite: {fileID: 21300000, guid: 7ed1238760b863f4aafde32ab3a6f28c, type: 3}
  m_Type: 1
  m_PreserveAspect: 0
  m_FillCenter: 1
  m_FillMethod: 4
  m_FillAmount: 1
  m_FillClockwise: 1
  m_FillOrigin: 0
--- !u!222 &867866426
CanvasRenderer:
  m_ObjectHideFlags: 0
  m_PrefabParentObject: {fileID: 22238214, guid: 30a446a6928c9574eaa21fe6a1e03ce3,
    type: 2}
  m_PrefabInternal: {fileID: 488659762}
  m_GameObject: {fileID: 867866423}
--- !u!1 &920036344
GameObject:
  m_ObjectHideFlags: 0
  m_PrefabParentObject: {fileID: 187882, guid: 30a446a6928c9574eaa21fe6a1e03ce3, type: 2}
  m_PrefabInternal: {fileID: 488659762}
  serializedVersion: 5
  m_Component:
  - component: {fileID: 920036345}
  - component: {fileID: 920036347}
  - component: {fileID: 920036346}
  m_Layer: 5
  m_Name: Handle
  m_TagString: Untagged
  m_Icon: {fileID: 0}
  m_NavMeshLayer: 0
  m_StaticEditorFlags: 0
  m_IsActive: 1
--- !u!224 &920036345
RectTransform:
  m_ObjectHideFlags: 0
  m_PrefabParentObject: {fileID: 22455616, guid: 30a446a6928c9574eaa21fe6a1e03ce3,
    type: 2}
  m_PrefabInternal: {fileID: 488659762}
  m_GameObject: {fileID: 920036344}
  m_LocalRotation: {x: 0, y: 0, z: 0, w: 1}
  m_LocalPosition: {x: 0, y: 0, z: 0}
  m_LocalScale: {x: 1, y: 1, z: 1}
  m_Children: []
  m_Father: {fileID: 1285163887}
  m_RootOrder: 0
  m_LocalEulerAnglesHint: {x: 0, y: 0, z: 0}
  m_AnchorMin: {x: 0, y: 0}
  m_AnchorMax: {x: 0, y: 0}
  m_AnchoredPosition: {x: 0, y: 0}
  m_SizeDelta: {x: 37.3, y: -0}
  m_Pivot: {x: 0.5, y: 0}
--- !u!114 &920036346
MonoBehaviour:
  m_ObjectHideFlags: 0
  m_PrefabParentObject: {fileID: 11454616, guid: 30a446a6928c9574eaa21fe6a1e03ce3,
    type: 2}
  m_PrefabInternal: {fileID: 488659762}
  m_GameObject: {fileID: 920036344}
  m_Enabled: 1
  m_EditorHideFlags: 0
  m_Script: {fileID: -765806418, guid: f5f67c52d1564df4a8936ccd202a3bd8, type: 3}
  m_Name: 
  m_EditorClassIdentifier: 
  m_Material: {fileID: 0}
  m_Color: {r: 1, g: 1, b: 1, a: 1}
  m_RaycastTarget: 1
  m_OnCullStateChanged:
    m_PersistentCalls:
      m_Calls: []
    m_TypeName: UnityEngine.UI.MaskableGraphic+CullStateChangedEvent, UnityEngine.UI,
      Version=1.0.0.0, Culture=neutral, PublicKeyToken=null
  m_Sprite: {fileID: 21300000, guid: f04f7faa5cfd8444a9b61e426135725f, type: 3}
  m_Type: 0
  m_PreserveAspect: 0
  m_FillCenter: 1
  m_FillMethod: 4
  m_FillAmount: 1
  m_FillClockwise: 1
  m_FillOrigin: 0
--- !u!222 &920036347
CanvasRenderer:
  m_ObjectHideFlags: 0
  m_PrefabParentObject: {fileID: 22231880, guid: 30a446a6928c9574eaa21fe6a1e03ce3,
    type: 2}
  m_PrefabInternal: {fileID: 488659762}
  m_GameObject: {fileID: 920036344}
--- !u!1 &924395323
GameObject:
  m_ObjectHideFlags: 0
  m_PrefabParentObject: {fileID: 125478, guid: 30a446a6928c9574eaa21fe6a1e03ce3, type: 2}
  m_PrefabInternal: {fileID: 488659762}
  serializedVersion: 5
  m_Component:
  - component: {fileID: 924395324}
  - component: {fileID: 924395326}
  - component: {fileID: 924395325}
  m_Layer: 5
  m_Name: Text
  m_TagString: Untagged
  m_Icon: {fileID: 0}
  m_NavMeshLayer: 0
  m_StaticEditorFlags: 0
  m_IsActive: 1
--- !u!224 &924395324
RectTransform:
  m_ObjectHideFlags: 0
  m_PrefabParentObject: {fileID: 22465382, guid: 30a446a6928c9574eaa21fe6a1e03ce3,
    type: 2}
  m_PrefabInternal: {fileID: 488659762}
  m_GameObject: {fileID: 924395323}
  m_LocalRotation: {x: 0, y: 0, z: 0, w: 1}
  m_LocalPosition: {x: 0, y: 0, z: 0}
  m_LocalScale: {x: 1, y: 1, z: 1}
  m_Children: []
  m_Father: {fileID: 746586908}
  m_RootOrder: 12
  m_LocalEulerAnglesHint: {x: 0, y: 0, z: 0}
  m_AnchorMin: {x: 0.5, y: 0.5}
  m_AnchorMax: {x: 0.5, y: 0.5}
  m_AnchoredPosition: {x: 0, y: -197}
  m_SizeDelta: {x: 362, y: 99}
  m_Pivot: {x: 0.5, y: 0.5}
--- !u!114 &924395325
MonoBehaviour:
  m_ObjectHideFlags: 0
  m_PrefabParentObject: {fileID: 11427476, guid: 30a446a6928c9574eaa21fe6a1e03ce3,
    type: 2}
  m_PrefabInternal: {fileID: 488659762}
  m_GameObject: {fileID: 924395323}
  m_Enabled: 1
  m_EditorHideFlags: 0
  m_Script: {fileID: 708705254, guid: f5f67c52d1564df4a8936ccd202a3bd8, type: 3}
  m_Name: 
  m_EditorClassIdentifier: 
  m_Material: {fileID: 0}
  m_Color: {r: 1, g: 1, b: 1, a: 0.5176471}
  m_RaycastTarget: 1
  m_OnCullStateChanged:
    m_PersistentCalls:
      m_Calls: []
    m_TypeName: UnityEngine.UI.MaskableGraphic+CullStateChangedEvent, UnityEngine.UI,
      Version=1.0.0.0, Culture=neutral, PublicKeyToken=null
  m_FontData:
    m_Font: {fileID: 12800000, guid: bd1ea67ca2b5742d1a24fcbdc17c55e1, type: 3}
    m_FontSize: 22
    m_FontStyle: 0
    m_BestFit: 0
    m_MinSize: 10
    m_MaxSize: 40
    m_Alignment: 4
    m_AlignByGeometry: 0
    m_RichText: 1
    m_HorizontalOverflow: 0
    m_VerticalOverflow: 0
    m_LineSpacing: 1
  m_Text: Track 14 of 16
--- !u!222 &924395326
CanvasRenderer:
  m_ObjectHideFlags: 0
  m_PrefabParentObject: {fileID: 22242542, guid: 30a446a6928c9574eaa21fe6a1e03ce3,
    type: 2}
  m_PrefabInternal: {fileID: 488659762}
  m_GameObject: {fileID: 924395323}
--- !u!1 &928919949
GameObject:
  m_ObjectHideFlags: 0
  m_PrefabParentObject: {fileID: 133646, guid: 30a446a6928c9574eaa21fe6a1e03ce3, type: 2}
  m_PrefabInternal: {fileID: 488659762}
  serializedVersion: 5
  m_Component:
  - component: {fileID: 928919950}
  - component: {fileID: 928919952}
  - component: {fileID: 928919951}
  m_Layer: 5
  m_Name: Fill
  m_TagString: Untagged
  m_Icon: {fileID: 0}
  m_NavMeshLayer: 0
  m_StaticEditorFlags: 0
  m_IsActive: 1
--- !u!224 &928919950
RectTransform:
  m_ObjectHideFlags: 0
  m_PrefabParentObject: {fileID: 22446626, guid: 30a446a6928c9574eaa21fe6a1e03ce3,
    type: 2}
  m_PrefabInternal: {fileID: 488659762}
  m_GameObject: {fileID: 928919949}
  m_LocalRotation: {x: 0, y: 0, z: 0, w: 1}
  m_LocalPosition: {x: 0, y: 0, z: 0}
  m_LocalScale: {x: 1, y: 1, z: 1}
  m_Children: []
  m_Father: {fileID: 821046195}
  m_RootOrder: 0
  m_LocalEulerAnglesHint: {x: 0, y: 0, z: 0}
  m_AnchorMin: {x: 0, y: 0}
  m_AnchorMax: {x: 0, y: 0}
  m_AnchoredPosition: {x: 2.5000014, y: 0}
  m_SizeDelta: {x: 5, y: -6}
  m_Pivot: {x: 0.5, y: 0.5}
--- !u!114 &928919951
MonoBehaviour:
  m_ObjectHideFlags: 0
  m_PrefabParentObject: {fileID: 11415940, guid: 30a446a6928c9574eaa21fe6a1e03ce3,
    type: 2}
  m_PrefabInternal: {fileID: 488659762}
  m_GameObject: {fileID: 928919949}
  m_Enabled: 1
  m_EditorHideFlags: 0
  m_Script: {fileID: -765806418, guid: f5f67c52d1564df4a8936ccd202a3bd8, type: 3}
  m_Name: 
  m_EditorClassIdentifier: 
  m_Material: {fileID: 0}
  m_Color: {r: 1, g: 1, b: 1, a: 1}
  m_RaycastTarget: 1
  m_OnCullStateChanged:
    m_PersistentCalls:
      m_Calls: []
    m_TypeName: UnityEngine.UI.MaskableGraphic+CullStateChangedEvent, UnityEngine.UI,
      Version=1.0.0.0, Culture=neutral, PublicKeyToken=null
  m_Sprite: {fileID: 21300000, guid: 7ed1238760b863f4aafde32ab3a6f28c, type: 3}
  m_Type: 1
  m_PreserveAspect: 0
  m_FillCenter: 1
  m_FillMethod: 4
  m_FillAmount: 1
  m_FillClockwise: 1
  m_FillOrigin: 0
--- !u!222 &928919952
CanvasRenderer:
  m_ObjectHideFlags: 0
  m_PrefabParentObject: {fileID: 22212330, guid: 30a446a6928c9574eaa21fe6a1e03ce3,
    type: 2}
  m_PrefabInternal: {fileID: 488659762}
  m_GameObject: {fileID: 928919949}
--- !u!1 &1037886078
GameObject:
  m_ObjectHideFlags: 0
  m_PrefabParentObject: {fileID: 100608, guid: 30a446a6928c9574eaa21fe6a1e03ce3, type: 2}
  m_PrefabInternal: {fileID: 488659762}
  serializedVersion: 5
  m_Component:
  - component: {fileID: 1037886079}
  - component: {fileID: 1037886082}
  - component: {fileID: 1037886081}
  - component: {fileID: 1037886080}
  m_Layer: 5
  m_Name: Button
  m_TagString: Untagged
  m_Icon: {fileID: 0}
  m_NavMeshLayer: 0
  m_StaticEditorFlags: 0
  m_IsActive: 1
--- !u!224 &1037886079
RectTransform:
  m_ObjectHideFlags: 0
  m_PrefabParentObject: {fileID: 22459698, guid: 30a446a6928c9574eaa21fe6a1e03ce3,
    type: 2}
  m_PrefabInternal: {fileID: 488659762}
  m_GameObject: {fileID: 1037886078}
  m_LocalRotation: {x: 0, y: 0, z: 0, w: 1}
  m_LocalPosition: {x: 0, y: 0, z: 0}
  m_LocalScale: {x: 0.9, y: 0.9, z: 1}
  m_Children: []
  m_Father: {fileID: 746586908}
  m_RootOrder: 1
  m_LocalEulerAnglesHint: {x: 0, y: 0, z: 0}
  m_AnchorMin: {x: 0.5, y: 0.5}
  m_AnchorMax: {x: 0.5, y: 0.5}
  m_AnchoredPosition: {x: 0, y: -345}
  m_SizeDelta: {x: 172, y: 172}
  m_Pivot: {x: 0.5, y: 0.5}
--- !u!114 &1037886080
MonoBehaviour:
  m_ObjectHideFlags: 0
  m_PrefabParentObject: {fileID: 11487708, guid: 30a446a6928c9574eaa21fe6a1e03ce3,
    type: 2}
  m_PrefabInternal: {fileID: 488659762}
  m_GameObject: {fileID: 1037886078}
  m_Enabled: 1
  m_EditorHideFlags: 0
  m_Script: {fileID: 1392445389, guid: f5f67c52d1564df4a8936ccd202a3bd8, type: 3}
  m_Name: 
  m_EditorClassIdentifier: 
  m_Navigation:
    m_Mode: 3
    m_SelectOnUp: {fileID: 0}
    m_SelectOnDown: {fileID: 0}
    m_SelectOnLeft: {fileID: 0}
    m_SelectOnRight: {fileID: 0}
  m_Transition: 1
  m_Colors:
    m_NormalColor: {r: 1, g: 1, b: 1, a: 1}
    m_HighlightedColor: {r: 0.9607843, g: 0.9607843, b: 0.9607843, a: 1}
    m_PressedColor: {r: 0.78431374, g: 0.78431374, b: 0.78431374, a: 1}
    m_DisabledColor: {r: 0.78431374, g: 0.78431374, b: 0.78431374, a: 0.5019608}
    m_ColorMultiplier: 1
    m_FadeDuration: 0.1
  m_SpriteState:
    m_HighlightedSprite: {fileID: 0}
    m_PressedSprite: {fileID: 0}
    m_DisabledSprite: {fileID: 0}
  m_AnimationTriggers:
    m_NormalTrigger: Normal
    m_HighlightedTrigger: Highlighted
    m_PressedTrigger: Pressed
    m_DisabledTrigger: Disabled
  m_Interactable: 1
  m_TargetGraphic: {fileID: 1037886081}
  m_OnClick:
    m_PersistentCalls:
      m_Calls: []
    m_TypeName: UnityEngine.UI.Button+ButtonClickedEvent, UnityEngine.UI, Version=1.0.0.0,
      Culture=neutral, PublicKeyToken=null
--- !u!114 &1037886081
MonoBehaviour:
  m_ObjectHideFlags: 0
  m_PrefabParentObject: {fileID: 11469894, guid: 30a446a6928c9574eaa21fe6a1e03ce3,
    type: 2}
  m_PrefabInternal: {fileID: 488659762}
  m_GameObject: {fileID: 1037886078}
  m_Enabled: 1
  m_EditorHideFlags: 0
  m_Script: {fileID: -765806418, guid: f5f67c52d1564df4a8936ccd202a3bd8, type: 3}
  m_Name: 
  m_EditorClassIdentifier: 
  m_Material: {fileID: 0}
  m_Color: {r: 1, g: 1, b: 1, a: 1}
  m_RaycastTarget: 1
  m_OnCullStateChanged:
    m_PersistentCalls:
      m_Calls: []
    m_TypeName: UnityEngine.UI.MaskableGraphic+CullStateChangedEvent, UnityEngine.UI,
      Version=1.0.0.0, Culture=neutral, PublicKeyToken=null
  m_Sprite: {fileID: 21300000, guid: 73ff9b0cba4d93a41b8b2f045a8d52c1, type: 3}
  m_Type: 0
  m_PreserveAspect: 0
  m_FillCenter: 1
  m_FillMethod: 4
  m_FillAmount: 1
  m_FillClockwise: 1
  m_FillOrigin: 0
--- !u!222 &1037886082
CanvasRenderer:
  m_ObjectHideFlags: 0
  m_PrefabParentObject: {fileID: 22279068, guid: 30a446a6928c9574eaa21fe6a1e03ce3,
    type: 2}
  m_PrefabInternal: {fileID: 488659762}
  m_GameObject: {fileID: 1037886078}
--- !u!1 &1050103707
GameObject:
  m_ObjectHideFlags: 0
  m_PrefabParentObject: {fileID: 179652, guid: 30a446a6928c9574eaa21fe6a1e03ce3, type: 2}
  m_PrefabInternal: {fileID: 488659762}
  serializedVersion: 5
  m_Component:
  - component: {fileID: 1050103708}
  - component: {fileID: 1050103711}
  - component: {fileID: 1050103710}
  - component: {fileID: 1050103709}
  m_Layer: 5
  m_Name: Button
  m_TagString: Untagged
  m_Icon: {fileID: 0}
  m_NavMeshLayer: 0
  m_StaticEditorFlags: 0
  m_IsActive: 1
--- !u!224 &1050103708
RectTransform:
  m_ObjectHideFlags: 0
  m_PrefabParentObject: {fileID: 22499750, guid: 30a446a6928c9574eaa21fe6a1e03ce3,
    type: 2}
  m_PrefabInternal: {fileID: 488659762}
  m_GameObject: {fileID: 1050103707}
  m_LocalRotation: {x: 0, y: 0, z: 0, w: 1}
  m_LocalPosition: {x: 0, y: 0, z: 0}
  m_LocalScale: {x: 0.9, y: 0.9, z: 1}
  m_Children: []
  m_Father: {fileID: 746586908}
  m_RootOrder: 2
  m_LocalEulerAnglesHint: {x: 0, y: 0, z: 0}
  m_AnchorMin: {x: 0.5, y: 0.5}
  m_AnchorMax: {x: 0.5, y: 0.5}
  m_AnchoredPosition: {x: 4, y: -345}
  m_SizeDelta: {x: 56, y: 67}
  m_Pivot: {x: 0.5, y: 0.5}
--- !u!114 &1050103709
MonoBehaviour:
  m_ObjectHideFlags: 0
  m_PrefabParentObject: {fileID: 11433208, guid: 30a446a6928c9574eaa21fe6a1e03ce3,
    type: 2}
  m_PrefabInternal: {fileID: 488659762}
  m_GameObject: {fileID: 1050103707}
  m_Enabled: 1
  m_EditorHideFlags: 0
  m_Script: {fileID: 1392445389, guid: f5f67c52d1564df4a8936ccd202a3bd8, type: 3}
  m_Name: 
  m_EditorClassIdentifier: 
  m_Navigation:
    m_Mode: 3
    m_SelectOnUp: {fileID: 0}
    m_SelectOnDown: {fileID: 0}
    m_SelectOnLeft: {fileID: 0}
    m_SelectOnRight: {fileID: 0}
  m_Transition: 1
  m_Colors:
    m_NormalColor: {r: 1, g: 1, b: 1, a: 1}
    m_HighlightedColor: {r: 0.9607843, g: 0.9607843, b: 0.9607843, a: 1}
    m_PressedColor: {r: 0.78431374, g: 0.78431374, b: 0.78431374, a: 1}
    m_DisabledColor: {r: 0.78431374, g: 0.78431374, b: 0.78431374, a: 0.5019608}
    m_ColorMultiplier: 1
    m_FadeDuration: 0.1
  m_SpriteState:
    m_HighlightedSprite: {fileID: 0}
    m_PressedSprite: {fileID: 0}
    m_DisabledSprite: {fileID: 0}
  m_AnimationTriggers:
    m_NormalTrigger: Normal
    m_HighlightedTrigger: Highlighted
    m_PressedTrigger: Pressed
    m_DisabledTrigger: Disabled
  m_Interactable: 1
  m_TargetGraphic: {fileID: 1050103710}
  m_OnClick:
    m_PersistentCalls:
      m_Calls: []
    m_TypeName: UnityEngine.UI.Button+ButtonClickedEvent, UnityEngine.UI, Version=1.0.0.0,
      Culture=neutral, PublicKeyToken=null
--- !u!114 &1050103710
MonoBehaviour:
  m_ObjectHideFlags: 0
  m_PrefabParentObject: {fileID: 11456762, guid: 30a446a6928c9574eaa21fe6a1e03ce3,
    type: 2}
  m_PrefabInternal: {fileID: 488659762}
  m_GameObject: {fileID: 1050103707}
  m_Enabled: 1
  m_EditorHideFlags: 0
  m_Script: {fileID: -765806418, guid: f5f67c52d1564df4a8936ccd202a3bd8, type: 3}
  m_Name: 
  m_EditorClassIdentifier: 
  m_Material: {fileID: 0}
  m_Color: {r: 1, g: 1, b: 1, a: 1}
  m_RaycastTarget: 1
  m_OnCullStateChanged:
    m_PersistentCalls:
      m_Calls: []
    m_TypeName: UnityEngine.UI.MaskableGraphic+CullStateChangedEvent, UnityEngine.UI,
      Version=1.0.0.0, Culture=neutral, PublicKeyToken=null
  m_Sprite: {fileID: 21300000, guid: 7ec47acafbe0c4b79aff5aa9019068ba, type: 3}
  m_Type: 0
  m_PreserveAspect: 0
  m_FillCenter: 1
  m_FillMethod: 4
  m_FillAmount: 1
  m_FillClockwise: 1
  m_FillOrigin: 0
--- !u!222 &1050103711
CanvasRenderer:
  m_ObjectHideFlags: 0
  m_PrefabParentObject: {fileID: 22269562, guid: 30a446a6928c9574eaa21fe6a1e03ce3,
    type: 2}
  m_PrefabInternal: {fileID: 488659762}
  m_GameObject: {fileID: 1050103707}
--- !u!1 &1057720671
GameObject:
  m_ObjectHideFlags: 0
  m_PrefabParentObject: {fileID: 168746, guid: 30a446a6928c9574eaa21fe6a1e03ce3, type: 2}
  m_PrefabInternal: {fileID: 488659762}
  serializedVersion: 5
  m_Component:
  - component: {fileID: 1057720672}
  - component: {fileID: 1057720674}
  - component: {fileID: 1057720673}
  m_Layer: 5
  m_Name: Fill
  m_TagString: Untagged
  m_Icon: {fileID: 0}
  m_NavMeshLayer: 0
  m_StaticEditorFlags: 0
  m_IsActive: 1
--- !u!224 &1057720672
RectTransform:
  m_ObjectHideFlags: 0
  m_PrefabParentObject: {fileID: 22479836, guid: 30a446a6928c9574eaa21fe6a1e03ce3,
    type: 2}
  m_PrefabInternal: {fileID: 488659762}
  m_GameObject: {fileID: 1057720671}
  m_LocalRotation: {x: 0, y: 0, z: 0, w: 1}
  m_LocalPosition: {x: 0, y: 0, z: 0}
  m_LocalScale: {x: 1, y: 1, z: 1}
  m_Children: []
  m_Father: {fileID: 690008169}
  m_RootOrder: 0
  m_LocalEulerAnglesHint: {x: 0, y: 0, z: 0}
  m_AnchorMin: {x: 0, y: 0}
  m_AnchorMax: {x: 0, y: 0}
  m_AnchoredPosition: {x: 2.5000014, y: 0}
  m_SizeDelta: {x: 5, y: -6}
  m_Pivot: {x: 0.5, y: 0.5}
--- !u!114 &1057720673
MonoBehaviour:
  m_ObjectHideFlags: 0
  m_PrefabParentObject: {fileID: 11488216, guid: 30a446a6928c9574eaa21fe6a1e03ce3,
    type: 2}
  m_PrefabInternal: {fileID: 488659762}
  m_GameObject: {fileID: 1057720671}
  m_Enabled: 1
  m_EditorHideFlags: 0
  m_Script: {fileID: -765806418, guid: f5f67c52d1564df4a8936ccd202a3bd8, type: 3}
  m_Name: 
  m_EditorClassIdentifier: 
  m_Material: {fileID: 0}
  m_Color: {r: 1, g: 1, b: 1, a: 1}
  m_RaycastTarget: 1
  m_OnCullStateChanged:
    m_PersistentCalls:
      m_Calls: []
    m_TypeName: UnityEngine.UI.MaskableGraphic+CullStateChangedEvent, UnityEngine.UI,
      Version=1.0.0.0, Culture=neutral, PublicKeyToken=null
  m_Sprite: {fileID: 21300000, guid: 7ed1238760b863f4aafde32ab3a6f28c, type: 3}
  m_Type: 1
  m_PreserveAspect: 0
  m_FillCenter: 1
  m_FillMethod: 4
  m_FillAmount: 1
  m_FillClockwise: 1
  m_FillOrigin: 0
--- !u!222 &1057720674
CanvasRenderer:
  m_ObjectHideFlags: 0
  m_PrefabParentObject: {fileID: 22234158, guid: 30a446a6928c9574eaa21fe6a1e03ce3,
    type: 2}
  m_PrefabInternal: {fileID: 488659762}
  m_GameObject: {fileID: 1057720671}
--- !u!1 &1068757225
GameObject:
  m_ObjectHideFlags: 0
  m_PrefabParentObject: {fileID: 129048, guid: 30a446a6928c9574eaa21fe6a1e03ce3, type: 2}
  m_PrefabInternal: {fileID: 488659762}
  serializedVersion: 5
  m_Component:
  - component: {fileID: 1068757226}
  - component: {fileID: 1068757228}
  - component: {fileID: 1068757227}
  m_Layer: 5
  m_Name: Image
  m_TagString: Untagged
  m_Icon: {fileID: 0}
  m_NavMeshLayer: 0
  m_StaticEditorFlags: 0
  m_IsActive: 1
--- !u!224 &1068757226
RectTransform:
  m_ObjectHideFlags: 0
  m_PrefabParentObject: {fileID: 22483026, guid: 30a446a6928c9574eaa21fe6a1e03ce3,
    type: 2}
  m_PrefabInternal: {fileID: 488659762}
  m_GameObject: {fileID: 1068757225}
  m_LocalRotation: {x: 0, y: 0, z: 0, w: 1}
  m_LocalPosition: {x: 0, y: 0, z: 0}
  m_LocalScale: {x: 1, y: 1, z: 1}
  m_Children: []
  m_Father: {fileID: 2079340757}
  m_RootOrder: 0
  m_LocalEulerAnglesHint: {x: 0, y: 0, z: 0}
  m_AnchorMin: {x: 0.5, y: 0.5}
  m_AnchorMax: {x: 0.5, y: 0.5}
  m_AnchoredPosition: {x: 0, y: 43}
  m_SizeDelta: {x: 631, y: 885}
  m_Pivot: {x: 0.5, y: 0.5}
--- !u!114 &1068757227
MonoBehaviour:
  m_ObjectHideFlags: 0
  m_PrefabParentObject: {fileID: 11401084, guid: 30a446a6928c9574eaa21fe6a1e03ce3,
    type: 2}
  m_PrefabInternal: {fileID: 488659762}
  m_GameObject: {fileID: 1068757225}
  m_Enabled: 1
  m_EditorHideFlags: 0
  m_Script: {fileID: -765806418, guid: f5f67c52d1564df4a8936ccd202a3bd8, type: 3}
  m_Name: 
  m_EditorClassIdentifier: 
  m_Material: {fileID: 0}
  m_Color: {r: 0.86764705, g: 0.86764705, b: 0.86764705, a: 1}
  m_RaycastTarget: 1
  m_OnCullStateChanged:
    m_PersistentCalls:
      m_Calls: []
    m_TypeName: UnityEngine.UI.MaskableGraphic+CullStateChangedEvent, UnityEngine.UI,
      Version=1.0.0.0, Culture=neutral, PublicKeyToken=null
  m_Sprite: {fileID: 21300000, guid: 11619e2e053004f64a8e9c75c0b74b0f, type: 3}
  m_Type: 0
  m_PreserveAspect: 0
  m_FillCenter: 1
  m_FillMethod: 4
  m_FillAmount: 1
  m_FillClockwise: 1
  m_FillOrigin: 0
--- !u!222 &1068757228
CanvasRenderer:
  m_ObjectHideFlags: 0
  m_PrefabParentObject: {fileID: 22281458, guid: 30a446a6928c9574eaa21fe6a1e03ce3,
    type: 2}
  m_PrefabInternal: {fileID: 488659762}
  m_GameObject: {fileID: 1068757225}
--- !u!1 &1285163886
GameObject:
  m_ObjectHideFlags: 0
  m_PrefabParentObject: {fileID: 130850, guid: 30a446a6928c9574eaa21fe6a1e03ce3, type: 2}
  m_PrefabInternal: {fileID: 488659762}
  serializedVersion: 5
  m_Component:
  - component: {fileID: 1285163887}
  m_Layer: 5
  m_Name: Handle Slide Area
  m_TagString: Untagged
  m_Icon: {fileID: 0}
  m_NavMeshLayer: 0
  m_StaticEditorFlags: 0
  m_IsActive: 1
--- !u!224 &1285163887
RectTransform:
  m_ObjectHideFlags: 0
  m_PrefabParentObject: {fileID: 22480108, guid: 30a446a6928c9574eaa21fe6a1e03ce3,
    type: 2}
  m_PrefabInternal: {fileID: 488659762}
  m_GameObject: {fileID: 1285163886}
  m_LocalRotation: {x: 0, y: 0, z: 0, w: 1}
  m_LocalPosition: {x: 0, y: 0, z: 0}
  m_LocalScale: {x: 1, y: 1, z: 1}
  m_Children:
  - {fileID: 920036345}
  m_Father: {fileID: 803679062}
  m_RootOrder: 2
  m_LocalEulerAnglesHint: {x: 0, y: 0, z: 0}
  m_AnchorMin: {x: 0, y: 0}
  m_AnchorMax: {x: 1, y: 1}
  m_AnchoredPosition: {x: -3.8000488, y: 0}
  m_SizeDelta: {x: -12.5, y: 0}
  m_Pivot: {x: 0.5, y: 0.5}
--- !u!1 &1367575672
GameObject:
  m_ObjectHideFlags: 0
  m_PrefabParentObject: {fileID: 189946, guid: 30a446a6928c9574eaa21fe6a1e03ce3, type: 2}
  m_PrefabInternal: {fileID: 488659762}
  serializedVersion: 5
  m_Component:
  - component: {fileID: 1367575673}
  - component: {fileID: 1367575675}
  - component: {fileID: 1367575674}
  m_Layer: 5
  m_Name: Text
  m_TagString: Untagged
  m_Icon: {fileID: 0}
  m_NavMeshLayer: 0
  m_StaticEditorFlags: 0
  m_IsActive: 1
--- !u!224 &1367575673
RectTransform:
  m_ObjectHideFlags: 0
  m_PrefabParentObject: {fileID: 22461150, guid: 30a446a6928c9574eaa21fe6a1e03ce3,
    type: 2}
  m_PrefabInternal: {fileID: 488659762}
  m_GameObject: {fileID: 1367575672}
  m_LocalRotation: {x: 0, y: 0, z: 0, w: 1}
  m_LocalPosition: {x: 0, y: 0, z: 0}
  m_LocalScale: {x: 1, y: 1, z: 1}
  m_Children: []
  m_Father: {fileID: 746586908}
  m_RootOrder: 10
  m_LocalEulerAnglesHint: {x: 0, y: 0, z: 0}
  m_AnchorMin: {x: 0.5, y: 0.5}
  m_AnchorMax: {x: 0.5, y: 0.5}
  m_AnchoredPosition: {x: 0, y: 94}
  m_SizeDelta: {x: 314, y: 108}
  m_Pivot: {x: 0.5, y: 0.5}
--- !u!114 &1367575674
MonoBehaviour:
  m_ObjectHideFlags: 0
  m_PrefabParentObject: {fileID: 11432802, guid: 30a446a6928c9574eaa21fe6a1e03ce3,
    type: 2}
  m_PrefabInternal: {fileID: 488659762}
  m_GameObject: {fileID: 1367575672}
  m_Enabled: 1
  m_EditorHideFlags: 0
  m_Script: {fileID: 708705254, guid: f5f67c52d1564df4a8936ccd202a3bd8, type: 3}
  m_Name: 
  m_EditorClassIdentifier: 
  m_Material: {fileID: 0}
  m_Color: {r: 1, g: 1, b: 1, a: 1}
  m_RaycastTarget: 1
  m_OnCullStateChanged:
    m_PersistentCalls:
      m_Calls: []
    m_TypeName: UnityEngine.UI.MaskableGraphic+CullStateChangedEvent, UnityEngine.UI,
      Version=1.0.0.0, Culture=neutral, PublicKeyToken=null
  m_FontData:
    m_Font: {fileID: 12800000, guid: 218956a5c2a6e42d6a60afccf80b002b, type: 3}
    m_FontSize: 22
    m_FontStyle: 0
    m_BestFit: 0
    m_MinSize: 10
    m_MaxSize: 40
    m_Alignment: 4
    m_AlignByGeometry: 0
    m_RichText: 1
    m_HorizontalOverflow: 0
    m_VerticalOverflow: 0
    m_LineSpacing: 1
  m_Text: GINGER RUNNER
--- !u!222 &1367575675
CanvasRenderer:
  m_ObjectHideFlags: 0
  m_PrefabParentObject: {fileID: 22213508, guid: 30a446a6928c9574eaa21fe6a1e03ce3,
    type: 2}
  m_PrefabInternal: {fileID: 488659762}
  m_GameObject: {fileID: 1367575672}
--- !u!1 &1492106842
GameObject:
  m_ObjectHideFlags: 0
  m_PrefabParentObject: {fileID: 112418, guid: 30a446a6928c9574eaa21fe6a1e03ce3, type: 2}
  m_PrefabInternal: {fileID: 488659762}
  serializedVersion: 5
  m_Component:
  - component: {fileID: 1492106843}
  m_Layer: 5
  m_Name: Handle Slide Area
  m_TagString: Untagged
  m_Icon: {fileID: 0}
  m_NavMeshLayer: 0
  m_StaticEditorFlags: 0
  m_IsActive: 1
--- !u!224 &1492106843
RectTransform:
  m_ObjectHideFlags: 0
  m_PrefabParentObject: {fileID: 22410004, guid: 30a446a6928c9574eaa21fe6a1e03ce3,
    type: 2}
  m_PrefabInternal: {fileID: 488659762}
  m_GameObject: {fileID: 1492106842}
  m_LocalRotation: {x: 0, y: 0, z: 0, w: 1}
  m_LocalPosition: {x: 0, y: 0, z: 0}
  m_LocalScale: {x: 1, y: 1, z: 1}
  m_Children:
  - {fileID: 1769190782}
  m_Father: {fileID: 2016692458}
  m_RootOrder: 2
  m_LocalEulerAnglesHint: {x: 0, y: 0, z: 0}
  m_AnchorMin: {x: 0, y: 0}
  m_AnchorMax: {x: 1, y: 1}
  m_AnchoredPosition: {x: -3.8000488, y: 0}
  m_SizeDelta: {x: -12.5, y: 0}
  m_Pivot: {x: 0.5, y: 0.5}
--- !u!1 &1500371475
GameObject:
  m_ObjectHideFlags: 0
  m_PrefabParentObject: {fileID: 0}
  m_PrefabInternal: {fileID: 0}
  serializedVersion: 5
  m_Component:
  - component: {fileID: 1500371479}
  - component: {fileID: 1500371478}
  - component: {fileID: 1500371477}
  - component: {fileID: 1500371476}
  m_Layer: 0
  m_Name: EventSystem
  m_TagString: Untagged
  m_Icon: {fileID: 0}
  m_NavMeshLayer: 0
  m_StaticEditorFlags: 0
  m_IsActive: 1
--- !u!114 &1500371476
MonoBehaviour:
  m_ObjectHideFlags: 0
  m_PrefabParentObject: {fileID: 0}
  m_PrefabInternal: {fileID: 0}
  m_GameObject: {fileID: 1500371475}
  m_Enabled: 1
  m_EditorHideFlags: 0
  m_Script: {fileID: 1997211142, guid: f5f67c52d1564df4a8936ccd202a3bd8, type: 3}
  m_Name: 
  m_EditorClassIdentifier: 
  m_ForceModuleActive: 0
--- !u!114 &1500371477
MonoBehaviour:
  m_ObjectHideFlags: 0
  m_PrefabParentObject: {fileID: 0}
  m_PrefabInternal: {fileID: 0}
  m_GameObject: {fileID: 1500371475}
  m_Enabled: 1
  m_EditorHideFlags: 0
  m_Script: {fileID: 1077351063, guid: f5f67c52d1564df4a8936ccd202a3bd8, type: 3}
  m_Name: 
  m_EditorClassIdentifier: 
  m_HorizontalAxis: Horizontal
  m_VerticalAxis: Vertical
  m_SubmitButton: Submit
  m_CancelButton: Cancel
  m_InputActionsPerSecond: 10
  m_RepeatDelay: 0.5
  m_ForceModuleActive: 0
--- !u!114 &1500371478
MonoBehaviour:
  m_ObjectHideFlags: 0
  m_PrefabParentObject: {fileID: 0}
  m_PrefabInternal: {fileID: 0}
  m_GameObject: {fileID: 1500371475}
  m_Enabled: 1
  m_EditorHideFlags: 0
  m_Script: {fileID: -619905303, guid: f5f67c52d1564df4a8936ccd202a3bd8, type: 3}
  m_Name: 
  m_EditorClassIdentifier: 
  m_FirstSelected: {fileID: 0}
  m_sendNavigationEvents: 1
  m_DragThreshold: 5
--- !u!4 &1500371479
Transform:
  m_ObjectHideFlags: 0
  m_PrefabParentObject: {fileID: 0}
  m_PrefabInternal: {fileID: 0}
  m_GameObject: {fileID: 1500371475}
  m_LocalRotation: {x: 0, y: 0, z: 0, w: 1}
  m_LocalPosition: {x: 0, y: 0, z: 0}
  m_LocalScale: {x: 1, y: 1, z: 1}
  m_Children: []
  m_Father: {fileID: 0}
  m_RootOrder: 1
  m_LocalEulerAnglesHint: {x: 0, y: 0, z: 0}
--- !u!1 &1511305452
GameObject:
  m_ObjectHideFlags: 0
  m_PrefabParentObject: {fileID: 0}
  m_PrefabInternal: {fileID: 0}
  serializedVersion: 5
  m_Component:
  - component: {fileID: 1511305453}
  m_Layer: 0
  m_Name: __SET_YOUR_GAMESCREEN_TO_1920x1080
  m_TagString: Untagged
  m_Icon: {fileID: 0}
  m_NavMeshLayer: 0
  m_StaticEditorFlags: 0
  m_IsActive: 1
--- !u!4 &1511305453
Transform:
  m_ObjectHideFlags: 0
  m_PrefabParentObject: {fileID: 0}
  m_PrefabInternal: {fileID: 0}
  m_GameObject: {fileID: 1511305452}
  m_LocalRotation: {x: 0, y: 0, z: 0, w: 1}
  m_LocalPosition: {x: 494.995, y: 627.74, z: 0}
  m_LocalScale: {x: 1, y: 1, z: 1}
  m_Children: []
  m_Father: {fileID: 0}
  m_RootOrder: 2
  m_LocalEulerAnglesHint: {x: 0, y: 0, z: 0}
--- !u!1 &1532760659
GameObject:
  m_ObjectHideFlags: 0
  m_PrefabParentObject: {fileID: 152334, guid: 30a446a6928c9574eaa21fe6a1e03ce3, type: 2}
  m_PrefabInternal: {fileID: 488659762}
  serializedVersion: 5
  m_Component:
  - component: {fileID: 1532760660}
  - component: {fileID: 1532760663}
  - component: {fileID: 1532760662}
  - component: {fileID: 1532760661}
  m_Layer: 5
  m_Name: Button
  m_TagString: Untagged
  m_Icon: {fileID: 0}
  m_NavMeshLayer: 0
  m_StaticEditorFlags: 0
  m_IsActive: 1
--- !u!224 &1532760660
RectTransform:
  m_ObjectHideFlags: 0
  m_PrefabParentObject: {fileID: 22428678, guid: 30a446a6928c9574eaa21fe6a1e03ce3,
    type: 2}
  m_PrefabInternal: {fileID: 488659762}
  m_GameObject: {fileID: 1532760659}
  m_LocalRotation: {x: 0, y: 0, z: 0.7071068, w: 0.7071068}
  m_LocalPosition: {x: 0, y: 0, z: 0}
  m_LocalScale: {x: 0.7, y: 0.7, z: 1}
  m_Children: []
  m_Father: {fileID: 746586908}
  m_RootOrder: 7
  m_LocalEulerAnglesHint: {x: 0, y: 0, z: 0}
  m_AnchorMin: {x: 0.5, y: 0.5}
  m_AnchorMax: {x: 0.5, y: 0.5}
  m_AnchoredPosition: {x: -571, y: 582}
  m_SizeDelta: {x: 82, y: 94}
  m_Pivot: {x: 0.5, y: 0.5}
--- !u!114 &1532760661
MonoBehaviour:
  m_ObjectHideFlags: 0
  m_PrefabParentObject: {fileID: 11441454, guid: 30a446a6928c9574eaa21fe6a1e03ce3,
    type: 2}
  m_PrefabInternal: {fileID: 488659762}
  m_GameObject: {fileID: 1532760659}
  m_Enabled: 1
  m_EditorHideFlags: 0
  m_Script: {fileID: 1392445389, guid: f5f67c52d1564df4a8936ccd202a3bd8, type: 3}
  m_Name: 
  m_EditorClassIdentifier: 
  m_Navigation:
    m_Mode: 3
    m_SelectOnUp: {fileID: 0}
    m_SelectOnDown: {fileID: 0}
    m_SelectOnLeft: {fileID: 0}
    m_SelectOnRight: {fileID: 0}
  m_Transition: 1
  m_Colors:
    m_NormalColor: {r: 1, g: 1, b: 1, a: 1}
    m_HighlightedColor: {r: 0.9607843, g: 0.9607843, b: 0.9607843, a: 1}
    m_PressedColor: {r: 0.78431374, g: 0.78431374, b: 0.78431374, a: 1}
    m_DisabledColor: {r: 0.78431374, g: 0.78431374, b: 0.78431374, a: 0.5019608}
    m_ColorMultiplier: 1
    m_FadeDuration: 0.1
  m_SpriteState:
    m_HighlightedSprite: {fileID: 0}
    m_PressedSprite: {fileID: 0}
    m_DisabledSprite: {fileID: 0}
  m_AnimationTriggers:
    m_NormalTrigger: Normal
    m_HighlightedTrigger: Highlighted
    m_PressedTrigger: Pressed
    m_DisabledTrigger: Disabled
  m_Interactable: 1
  m_TargetGraphic: {fileID: 1532760662}
  m_OnClick:
    m_PersistentCalls:
      m_Calls: []
    m_TypeName: UnityEngine.UI.Button+ButtonClickedEvent, UnityEngine.UI, Version=1.0.0.0,
      Culture=neutral, PublicKeyToken=null
--- !u!114 &1532760662
MonoBehaviour:
  m_ObjectHideFlags: 0
  m_PrefabParentObject: {fileID: 11496758, guid: 30a446a6928c9574eaa21fe6a1e03ce3,
    type: 2}
  m_PrefabInternal: {fileID: 488659762}
  m_GameObject: {fileID: 1532760659}
  m_Enabled: 1
  m_EditorHideFlags: 0
  m_Script: {fileID: -765806418, guid: f5f67c52d1564df4a8936ccd202a3bd8, type: 3}
  m_Name: 
  m_EditorClassIdentifier: 
  m_Material: {fileID: 0}
  m_Color: {r: 1, g: 1, b: 1, a: 1}
  m_RaycastTarget: 1
  m_OnCullStateChanged:
    m_PersistentCalls:
      m_Calls: []
    m_TypeName: UnityEngine.UI.MaskableGraphic+CullStateChangedEvent, UnityEngine.UI,
      Version=1.0.0.0, Culture=neutral, PublicKeyToken=null
  m_Sprite: {fileID: 21300000, guid: 77c85ba225b9c11419bd335565a46bdf, type: 3}
  m_Type: 0
  m_PreserveAspect: 0
  m_FillCenter: 1
  m_FillMethod: 4
  m_FillAmount: 1
  m_FillClockwise: 1
  m_FillOrigin: 0
--- !u!222 &1532760663
CanvasRenderer:
  m_ObjectHideFlags: 0
  m_PrefabParentObject: {fileID: 22267060, guid: 30a446a6928c9574eaa21fe6a1e03ce3,
    type: 2}
  m_PrefabInternal: {fileID: 488659762}
  m_GameObject: {fileID: 1532760659}
--- !u!1 &1569464428
GameObject:
  m_ObjectHideFlags: 0
  m_PrefabParentObject: {fileID: 124986, guid: 30a446a6928c9574eaa21fe6a1e03ce3, type: 2}
  m_PrefabInternal: {fileID: 488659762}
  serializedVersion: 5
  m_Component:
  - component: {fileID: 1569464429}
  - component: {fileID: 1569464431}
  - component: {fileID: 1569464430}
  m_Layer: 5
  m_Name: Background
  m_TagString: Untagged
  m_Icon: {fileID: 0}
  m_NavMeshLayer: 0
  m_StaticEditorFlags: 0
  m_IsActive: 1
--- !u!224 &1569464429
RectTransform:
  m_ObjectHideFlags: 0
  m_PrefabParentObject: {fileID: 22411200, guid: 30a446a6928c9574eaa21fe6a1e03ce3,
    type: 2}
  m_PrefabInternal: {fileID: 488659762}
  m_GameObject: {fileID: 1569464428}
  m_LocalRotation: {x: 0, y: 0, z: 0, w: 1}
  m_LocalPosition: {x: 0, y: 0, z: 0}
  m_LocalScale: {x: 1, y: 1, z: 1}
  m_Children: []
  m_Father: {fileID: 2016692458}
  m_RootOrder: 0
  m_LocalEulerAnglesHint: {x: 0, y: 0, z: 0}
  m_AnchorMin: {x: 0, y: 0.25}
  m_AnchorMax: {x: 1, y: 0.75}
  m_AnchoredPosition: {x: -5.0000014, y: 0}
  m_SizeDelta: {x: -10, y: -6}
  m_Pivot: {x: 0.5, y: 0.5}
--- !u!114 &1569464430
MonoBehaviour:
  m_ObjectHideFlags: 0
  m_PrefabParentObject: {fileID: 11499874, guid: 30a446a6928c9574eaa21fe6a1e03ce3,
    type: 2}
  m_PrefabInternal: {fileID: 488659762}
  m_GameObject: {fileID: 1569464428}
  m_Enabled: 1
  m_EditorHideFlags: 0
  m_Script: {fileID: -765806418, guid: f5f67c52d1564df4a8936ccd202a3bd8, type: 3}
  m_Name: 
  m_EditorClassIdentifier: 
  m_Material: {fileID: 0}
  m_Color: {r: 0.08823532, g: 0.08823532, b: 0.08823532, a: 1}
  m_RaycastTarget: 1
  m_OnCullStateChanged:
    m_PersistentCalls:
      m_Calls: []
    m_TypeName: UnityEngine.UI.MaskableGraphic+CullStateChangedEvent, UnityEngine.UI,
      Version=1.0.0.0, Culture=neutral, PublicKeyToken=null
  m_Sprite: {fileID: 21300000, guid: 7ed1238760b863f4aafde32ab3a6f28c, type: 3}
  m_Type: 1
  m_PreserveAspect: 0
  m_FillCenter: 1
  m_FillMethod: 4
  m_FillAmount: 1
  m_FillClockwise: 1
  m_FillOrigin: 0
--- !u!222 &1569464431
CanvasRenderer:
  m_ObjectHideFlags: 0
  m_PrefabParentObject: {fileID: 22261716, guid: 30a446a6928c9574eaa21fe6a1e03ce3,
    type: 2}
  m_PrefabInternal: {fileID: 488659762}
  m_GameObject: {fileID: 1569464428}
--- !u!1 &1769190781
GameObject:
  m_ObjectHideFlags: 0
  m_PrefabParentObject: {fileID: 100712, guid: 30a446a6928c9574eaa21fe6a1e03ce3, type: 2}
  m_PrefabInternal: {fileID: 488659762}
  serializedVersion: 5
  m_Component:
  - component: {fileID: 1769190782}
  - component: {fileID: 1769190784}
  - component: {fileID: 1769190783}
  m_Layer: 5
  m_Name: Handle
  m_TagString: Untagged
  m_Icon: {fileID: 0}
  m_NavMeshLayer: 0
  m_StaticEditorFlags: 0
  m_IsActive: 1
--- !u!224 &1769190782
RectTransform:
  m_ObjectHideFlags: 0
  m_PrefabParentObject: {fileID: 22463474, guid: 30a446a6928c9574eaa21fe6a1e03ce3,
    type: 2}
  m_PrefabInternal: {fileID: 488659762}
  m_GameObject: {fileID: 1769190781}
  m_LocalRotation: {x: 0, y: 0, z: 0, w: 1}
  m_LocalPosition: {x: 0, y: 0, z: 0}
  m_LocalScale: {x: 1, y: 1, z: 1}
  m_Children: []
  m_Father: {fileID: 1492106843}
  m_RootOrder: 0
  m_LocalEulerAnglesHint: {x: 0, y: 0, z: 0}
  m_AnchorMin: {x: 0, y: 0}
  m_AnchorMax: {x: 0, y: 0}
  m_AnchoredPosition: {x: 0, y: 0.03998947}
  m_SizeDelta: {x: 36.41, y: -0.04}
  m_Pivot: {x: 0.5, y: 0}
--- !u!114 &1769190783
MonoBehaviour:
  m_ObjectHideFlags: 0
  m_PrefabParentObject: {fileID: 11477680, guid: 30a446a6928c9574eaa21fe6a1e03ce3,
    type: 2}
  m_PrefabInternal: {fileID: 488659762}
  m_GameObject: {fileID: 1769190781}
  m_Enabled: 1
  m_EditorHideFlags: 0
  m_Script: {fileID: -765806418, guid: f5f67c52d1564df4a8936ccd202a3bd8, type: 3}
  m_Name: 
  m_EditorClassIdentifier: 
  m_Material: {fileID: 0}
  m_Color: {r: 1, g: 1, b: 1, a: 1}
  m_RaycastTarget: 1
  m_OnCullStateChanged:
    m_PersistentCalls:
      m_Calls: []
    m_TypeName: UnityEngine.UI.MaskableGraphic+CullStateChangedEvent, UnityEngine.UI,
      Version=1.0.0.0, Culture=neutral, PublicKeyToken=null
  m_Sprite: {fileID: 21300000, guid: f04f7faa5cfd8444a9b61e426135725f, type: 3}
  m_Type: 0
  m_PreserveAspect: 0
  m_FillCenter: 1
  m_FillMethod: 4
  m_FillAmount: 1
  m_FillClockwise: 1
  m_FillOrigin: 0
--- !u!222 &1769190784
CanvasRenderer:
  m_ObjectHideFlags: 0
  m_PrefabParentObject: {fileID: 22235506, guid: 30a446a6928c9574eaa21fe6a1e03ce3,
    type: 2}
  m_PrefabInternal: {fileID: 488659762}
  m_GameObject: {fileID: 1769190781}
--- !u!1 &1929028326
GameObject:
  m_ObjectHideFlags: 0
  m_PrefabParentObject: {fileID: 188720, guid: 30a446a6928c9574eaa21fe6a1e03ce3, type: 2}
  m_PrefabInternal: {fileID: 488659762}
  serializedVersion: 5
  m_Component:
  - component: {fileID: 1929028327}
  - component: {fileID: 1929028329}
  - component: {fileID: 1929028328}
  m_Layer: 5
  m_Name: AppTitle
  m_TagString: Untagged
  m_Icon: {fileID: 0}
  m_NavMeshLayer: 0
  m_StaticEditorFlags: 0
  m_IsActive: 1
--- !u!224 &1929028327
RectTransform:
  m_ObjectHideFlags: 0
  m_PrefabParentObject: {fileID: 22457514, guid: 30a446a6928c9574eaa21fe6a1e03ce3,
    type: 2}
  m_PrefabInternal: {fileID: 488659762}
  m_GameObject: {fileID: 1929028326}
  m_LocalRotation: {x: 0, y: 0, z: 0, w: 1}
  m_LocalPosition: {x: 0, y: 0, z: 0}
  m_LocalScale: {x: 1, y: 1, z: 1}
  m_Children:
  - {fileID: 678390408}
  m_Father: {fileID: 784937050}
  m_RootOrder: 0
  m_LocalEulerAnglesHint: {x: 0, y: 0, z: 0}
  m_AnchorMin: {x: 0.5, y: 0.5}
  m_AnchorMax: {x: 0.5, y: 0.5}
  m_AnchoredPosition: {x: -576, y: 653}
  m_SizeDelta: {x: 768, y: 109}
  m_Pivot: {x: 0.5, y: 0.5}
--- !u!114 &1929028328
MonoBehaviour:
  m_ObjectHideFlags: 0
  m_PrefabParentObject: {fileID: 11456598, guid: 30a446a6928c9574eaa21fe6a1e03ce3,
    type: 2}
  m_PrefabInternal: {fileID: 488659762}
  m_GameObject: {fileID: 1929028326}
  m_Enabled: 1
  m_EditorHideFlags: 0
  m_Script: {fileID: 708705254, guid: f5f67c52d1564df4a8936ccd202a3bd8, type: 3}
  m_Name: 
  m_EditorClassIdentifier: 
  m_Material: {fileID: 0}
  m_Color: {r: 0.85490197, g: 0.85490197, b: 0.85490197, a: 1}
  m_RaycastTarget: 1
  m_OnCullStateChanged:
    m_PersistentCalls:
      m_Calls: []
    m_TypeName: UnityEngine.UI.MaskableGraphic+CullStateChangedEvent, UnityEngine.UI,
      Version=1.0.0.0, Culture=neutral, PublicKeyToken=null
  m_FontData:
    m_Font: {fileID: 12800000, guid: 218956a5c2a6e42d6a60afccf80b002b, type: 3}
    m_FontSize: 102
    m_FontStyle: 0
    m_BestFit: 0
    m_MinSize: 10
    m_MaxSize: 102
    m_Alignment: 0
    m_AlignByGeometry: 0
    m_RichText: 1
    m_HorizontalOverflow: 0
    m_VerticalOverflow: 1
    m_LineSpacing: 1
  m_Text: MUSIC APP
--- !u!222 &1929028329
CanvasRenderer:
  m_ObjectHideFlags: 0
  m_PrefabParentObject: {fileID: 22208442, guid: 30a446a6928c9574eaa21fe6a1e03ce3,
    type: 2}
  m_PrefabInternal: {fileID: 488659762}
  m_GameObject: {fileID: 1929028326}
--- !u!1 &1973344965
GameObject:
  m_ObjectHideFlags: 0
  m_PrefabParentObject: {fileID: 145552, guid: 30a446a6928c9574eaa21fe6a1e03ce3, type: 2}
  m_PrefabInternal: {fileID: 488659762}
  serializedVersion: 5
  m_Component:
  - component: {fileID: 1973344966}
  - component: {fileID: 1973344969}
  - component: {fileID: 1973344968}
  - component: {fileID: 1973344967}
  m_Layer: 5
  m_Name: Button
  m_TagString: Untagged
  m_Icon: {fileID: 0}
  m_NavMeshLayer: 0
  m_StaticEditorFlags: 0
  m_IsActive: 1
--- !u!224 &1973344966
RectTransform:
  m_ObjectHideFlags: 0
  m_PrefabParentObject: {fileID: 22462822, guid: 30a446a6928c9574eaa21fe6a1e03ce3,
    type: 2}
  m_PrefabInternal: {fileID: 488659762}
  m_GameObject: {fileID: 1973344965}
  m_LocalRotation: {x: 0, y: 0, z: 0, w: 1}
  m_LocalPosition: {x: 0, y: 0, z: 0}
  m_LocalScale: {x: 0.7, y: 0.7, z: 1}
  m_Children: []
  m_Father: {fileID: 746586908}
  m_RootOrder: 5
  m_LocalEulerAnglesHint: {x: 0, y: 0, z: 0}
  m_AnchorMin: {x: 0.5, y: 0.5}
  m_AnchorMax: {x: 0.5, y: 0.5}
  m_AnchoredPosition: {x: -571, y: 20}
  m_SizeDelta: {x: 83, y: 67}
  m_Pivot: {x: 0.5, y: 0.5}
--- !u!114 &1973344967
MonoBehaviour:
  m_ObjectHideFlags: 0
  m_PrefabParentObject: {fileID: 11473612, guid: 30a446a6928c9574eaa21fe6a1e03ce3,
    type: 2}
  m_PrefabInternal: {fileID: 488659762}
  m_GameObject: {fileID: 1973344965}
  m_Enabled: 1
  m_EditorHideFlags: 0
  m_Script: {fileID: 1392445389, guid: f5f67c52d1564df4a8936ccd202a3bd8, type: 3}
  m_Name: 
  m_EditorClassIdentifier: 
  m_Navigation:
    m_Mode: 3
    m_SelectOnUp: {fileID: 0}
    m_SelectOnDown: {fileID: 0}
    m_SelectOnLeft: {fileID: 0}
    m_SelectOnRight: {fileID: 0}
  m_Transition: 1
  m_Colors:
    m_NormalColor: {r: 1, g: 1, b: 1, a: 1}
    m_HighlightedColor: {r: 0.9607843, g: 0.9607843, b: 0.9607843, a: 1}
    m_PressedColor: {r: 0.78431374, g: 0.78431374, b: 0.78431374, a: 1}
    m_DisabledColor: {r: 0.78431374, g: 0.78431374, b: 0.78431374, a: 0.5019608}
    m_ColorMultiplier: 1
    m_FadeDuration: 0.1
  m_SpriteState:
    m_HighlightedSprite: {fileID: 0}
    m_PressedSprite: {fileID: 0}
    m_DisabledSprite: {fileID: 0}
  m_AnimationTriggers:
    m_NormalTrigger: Normal
    m_HighlightedTrigger: Highlighted
    m_PressedTrigger: Pressed
    m_DisabledTrigger: Disabled
  m_Interactable: 1
  m_TargetGraphic: {fileID: 1973344968}
  m_OnClick:
    m_PersistentCalls:
      m_Calls: []
    m_TypeName: UnityEngine.UI.Button+ButtonClickedEvent, UnityEngine.UI, Version=1.0.0.0,
      Culture=neutral, PublicKeyToken=null
--- !u!114 &1973344968
MonoBehaviour:
  m_ObjectHideFlags: 0
  m_PrefabParentObject: {fileID: 11464180, guid: 30a446a6928c9574eaa21fe6a1e03ce3,
    type: 2}
  m_PrefabInternal: {fileID: 488659762}
  m_GameObject: {fileID: 1973344965}
  m_Enabled: 1
  m_EditorHideFlags: 0
  m_Script: {fileID: -765806418, guid: f5f67c52d1564df4a8936ccd202a3bd8, type: 3}
  m_Name: 
  m_EditorClassIdentifier: 
  m_Material: {fileID: 0}
  m_Color: {r: 1, g: 1, b: 1, a: 1}
  m_RaycastTarget: 1
  m_OnCullStateChanged:
    m_PersistentCalls:
      m_Calls: []
    m_TypeName: UnityEngine.UI.MaskableGraphic+CullStateChangedEvent, UnityEngine.UI,
      Version=1.0.0.0, Culture=neutral, PublicKeyToken=null
  m_Sprite: {fileID: 21300000, guid: 77534365ccebed545aaf5bd56a39bf79, type: 3}
  m_Type: 0
  m_PreserveAspect: 0
  m_FillCenter: 1
  m_FillMethod: 4
  m_FillAmount: 1
  m_FillClockwise: 1
  m_FillOrigin: 0
--- !u!222 &1973344969
CanvasRenderer:
  m_ObjectHideFlags: 0
  m_PrefabParentObject: {fileID: 22237052, guid: 30a446a6928c9574eaa21fe6a1e03ce3,
    type: 2}
  m_PrefabInternal: {fileID: 488659762}
  m_GameObject: {fileID: 1973344965}
--- !u!1 &2016692457
GameObject:
  m_ObjectHideFlags: 0
  m_PrefabParentObject: {fileID: 171612, guid: 30a446a6928c9574eaa21fe6a1e03ce3, type: 2}
  m_PrefabInternal: {fileID: 488659762}
  serializedVersion: 5
  m_Component:
  - component: {fileID: 2016692458}
  - component: {fileID: 2016692459}
  m_Layer: 5
  m_Name: Volume
  m_TagString: Untagged
  m_Icon: {fileID: 0}
  m_NavMeshLayer: 0
  m_StaticEditorFlags: 0
  m_IsActive: 1
--- !u!224 &2016692458
RectTransform:
  m_ObjectHideFlags: 0
  m_PrefabParentObject: {fileID: 22422512, guid: 30a446a6928c9574eaa21fe6a1e03ce3,
    type: 2}
  m_PrefabInternal: {fileID: 488659762}
  m_GameObject: {fileID: 2016692457}
  m_LocalRotation: {x: 0, y: 0, z: 0, w: 1}
  m_LocalPosition: {x: 0, y: 0, z: 0}
  m_LocalScale: {x: 1, y: 1, z: 1}
  m_Children:
  - {fileID: 1569464429}
  - {fileID: 690008169}
  - {fileID: 1492106843}
  m_Father: {fileID: 454457282}
  m_RootOrder: 0
  m_LocalEulerAnglesHint: {x: 0, y: 0, z: 0}
  m_AnchorMin: {x: 0.5, y: 0.5}
  m_AnchorMax: {x: 0.5, y: 0.5}
  m_AnchoredPosition: {x: 0, y: 0}
  m_SizeDelta: {x: 657, y: 36}
  m_Pivot: {x: 0.5, y: 0.5}
--- !u!114 &2016692459
MonoBehaviour:
  m_ObjectHideFlags: 0
  m_PrefabParentObject: {fileID: 11462528, guid: 30a446a6928c9574eaa21fe6a1e03ce3,
    type: 2}
  m_PrefabInternal: {fileID: 488659762}
  m_GameObject: {fileID: 2016692457}
  m_Enabled: 1
  m_EditorHideFlags: 0
  m_Script: {fileID: -113659843, guid: f5f67c52d1564df4a8936ccd202a3bd8, type: 3}
  m_Name: 
  m_EditorClassIdentifier: 
  m_Navigation:
    m_Mode: 3
    m_SelectOnUp: {fileID: 0}
    m_SelectOnDown: {fileID: 0}
    m_SelectOnLeft: {fileID: 0}
    m_SelectOnRight: {fileID: 0}
  m_Transition: 1
  m_Colors:
    m_NormalColor: {r: 1, g: 1, b: 1, a: 1}
    m_HighlightedColor: {r: 0.9607843, g: 0.9607843, b: 0.9607843, a: 1}
    m_PressedColor: {r: 0.78431374, g: 0.78431374, b: 0.78431374, a: 1}
    m_DisabledColor: {r: 0.78431374, g: 0.78431374, b: 0.78431374, a: 0.5019608}
    m_ColorMultiplier: 1.49
    m_FadeDuration: 0.1
  m_SpriteState:
    m_HighlightedSprite: {fileID: 0}
    m_PressedSprite: {fileID: 0}
    m_DisabledSprite: {fileID: 0}
  m_AnimationTriggers:
    m_NormalTrigger: Normal
    m_HighlightedTrigger: Highlighted
    m_PressedTrigger: Pressed
    m_DisabledTrigger: Disabled
  m_Interactable: 1
  m_TargetGraphic: {fileID: 1769190783}
  m_FillRect: {fileID: 1057720672}
  m_HandleRect: {fileID: 1769190782}
  m_Direction: 0
  m_MinValue: 0
  m_MaxValue: 1
  m_WholeNumbers: 0
  m_Value: 0.382
  m_OnValueChanged:
    m_PersistentCalls:
      m_Calls: []
    m_TypeName: UnityEngine.UI.Slider+SliderEvent, UnityEngine.UI, Version=1.0.0.0,
      Culture=neutral, PublicKeyToken=null
--- !u!1 &2038645238
GameObject:
  m_ObjectHideFlags: 0
  m_PrefabParentObject: {fileID: 112176, guid: 30a446a6928c9574eaa21fe6a1e03ce3, type: 2}
  m_PrefabInternal: {fileID: 488659762}
  serializedVersion: 5
  m_Component:
  - component: {fileID: 2038645239}
  - component: {fileID: 2038645241}
  - component: {fileID: 2038645240}
  m_Layer: 5
  m_Name: Text
  m_TagString: Untagged
  m_Icon: {fileID: 0}
  m_NavMeshLayer: 0
  m_StaticEditorFlags: 0
  m_IsActive: 1
--- !u!224 &2038645239
RectTransform:
  m_ObjectHideFlags: 0
  m_PrefabParentObject: {fileID: 22454372, guid: 30a446a6928c9574eaa21fe6a1e03ce3,
    type: 2}
  m_PrefabInternal: {fileID: 488659762}
  m_GameObject: {fileID: 2038645238}
  m_LocalRotation: {x: 0, y: 0, z: 0, w: 1}
  m_LocalPosition: {x: 0, y: 0, z: 0}
  m_LocalScale: {x: 1, y: 1, z: 1}
  m_Children: []
  m_Father: {fileID: 746586908}
  m_RootOrder: 9
  m_LocalEulerAnglesHint: {x: 0, y: 0, z: 0}
  m_AnchorMin: {x: 0.5, y: 0.5}
  m_AnchorMax: {x: 0.5, y: 0.5}
  m_AnchoredPosition: {x: 0, y: 18}
  m_SizeDelta: {x: 410, y: 120}
  m_Pivot: {x: 0.5, y: 0.5}
--- !u!114 &2038645240
MonoBehaviour:
  m_ObjectHideFlags: 0
  m_PrefabParentObject: {fileID: 11422646, guid: 30a446a6928c9574eaa21fe6a1e03ce3,
    type: 2}
  m_PrefabInternal: {fileID: 488659762}
  m_GameObject: {fileID: 2038645238}
  m_Enabled: 1
  m_EditorHideFlags: 0
  m_Script: {fileID: 708705254, guid: f5f67c52d1564df4a8936ccd202a3bd8, type: 3}
  m_Name: 
  m_EditorClassIdentifier: 
  m_Material: {fileID: 0}
  m_Color: {r: 1, g: 1, b: 1, a: 1}
  m_RaycastTarget: 1
  m_OnCullStateChanged:
    m_PersistentCalls:
      m_Calls: []
    m_TypeName: UnityEngine.UI.MaskableGraphic+CullStateChangedEvent, UnityEngine.UI,
      Version=1.0.0.0, Culture=neutral, PublicKeyToken=null
  m_FontData:
    m_Font: {fileID: 12800000, guid: bd1ea67ca2b5742d1a24fcbdc17c55e1, type: 3}
    m_FontSize: 34
    m_FontStyle: 0
    m_BestFit: 0
    m_MinSize: 10
    m_MaxSize: 40
    m_Alignment: 4
    m_AlignByGeometry: 0
    m_RichText: 1
    m_HorizontalOverflow: 0
    m_VerticalOverflow: 0
    m_LineSpacing: 1
  m_Text: Taiko Time
--- !u!222 &2038645241
CanvasRenderer:
  m_ObjectHideFlags: 0
  m_PrefabParentObject: {fileID: 22263002, guid: 30a446a6928c9574eaa21fe6a1e03ce3,
    type: 2}
  m_PrefabInternal: {fileID: 488659762}
  m_GameObject: {fileID: 2038645238}
--- !u!1 &2079340756
GameObject:
  m_ObjectHideFlags: 0
  m_PrefabParentObject: {fileID: 175576, guid: 30a446a6928c9574eaa21fe6a1e03ce3, type: 2}
  m_PrefabInternal: {fileID: 488659762}
  serializedVersion: 5
  m_Component:
  - component: {fileID: 2079340757}
  - component: {fileID: 2079340760}
  - component: {fileID: 2079340759}
  - component: {fileID: 2079340758}
  m_Layer: 5
  m_Name: Panel
  m_TagString: Untagged
  m_Icon: {fileID: 0}
  m_NavMeshLayer: 0
  m_StaticEditorFlags: 0
  m_IsActive: 1
--- !u!224 &2079340757
RectTransform:
  m_ObjectHideFlags: 0
  m_PrefabParentObject: {fileID: 22463194, guid: 30a446a6928c9574eaa21fe6a1e03ce3,
    type: 2}
  m_PrefabInternal: {fileID: 488659762}
  m_GameObject: {fileID: 2079340756}
  m_LocalRotation: {x: 0, y: 0, z: 0, w: 1}
  m_LocalPosition: {x: 0, y: 0, z: 0}
  m_LocalScale: {x: 0.6, y: 0.6, z: 1}
  m_Children:
  - {fileID: 1068757226}
  - {fileID: 472045265}
  m_Father: {fileID: 746586908}
  m_RootOrder: 15
  m_LocalEulerAnglesHint: {x: 0, y: 0, z: 0}
  m_AnchorMin: {x: 0.5, y: 0.5}
  m_AnchorMax: {x: 0.5, y: 0.5}
  m_AnchoredPosition: {x: 4, y: 373}
  m_SizeDelta: {x: 614, y: 616}
  m_Pivot: {x: 0.5, y: 0.5}
--- !u!114 &2079340758
MonoBehaviour:
  m_ObjectHideFlags: 0
  m_PrefabParentObject: {fileID: 11449802, guid: 30a446a6928c9574eaa21fe6a1e03ce3,
    type: 2}
  m_PrefabInternal: {fileID: 488659762}
  m_GameObject: {fileID: 2079340756}
  m_Enabled: 1
  m_EditorHideFlags: 0
  m_Script: {fileID: -1200242548, guid: f5f67c52d1564df4a8936ccd202a3bd8, type: 3}
  m_Name: 
  m_EditorClassIdentifier: 
  m_ShowMaskGraphic: 1
--- !u!114 &2079340759
MonoBehaviour:
  m_ObjectHideFlags: 0
  m_PrefabParentObject: {fileID: 11424776, guid: 30a446a6928c9574eaa21fe6a1e03ce3,
    type: 2}
  m_PrefabInternal: {fileID: 488659762}
  m_GameObject: {fileID: 2079340756}
  m_Enabled: 1
  m_EditorHideFlags: 0
  m_Script: {fileID: -765806418, guid: f5f67c52d1564df4a8936ccd202a3bd8, type: 3}
  m_Name: 
  m_EditorClassIdentifier: 
  m_Material: {fileID: 0}
  m_Color: {r: 0, g: 0, b: 0, a: 1}
  m_RaycastTarget: 1
  m_OnCullStateChanged:
    m_PersistentCalls:
      m_Calls: []
    m_TypeName: UnityEngine.UI.MaskableGraphic+CullStateChangedEvent, UnityEngine.UI,
      Version=1.0.0.0, Culture=neutral, PublicKeyToken=null
  m_Sprite: {fileID: 21300000, guid: 7ed1238760b863f4aafde32ab3a6f28c, type: 3}
  m_Type: 1
  m_PreserveAspect: 0
  m_FillCenter: 1
  m_FillMethod: 4
  m_FillAmount: 1
  m_FillClockwise: 1
  m_FillOrigin: 0
--- !u!222 &2079340760
CanvasRenderer:
  m_ObjectHideFlags: 0
  m_PrefabParentObject: {fileID: 22275058, guid: 30a446a6928c9574eaa21fe6a1e03ce3,
    type: 2}
  m_PrefabInternal: {fileID: 488659762}
  m_GameObject: {fileID: 2079340756}
